 Dungeon Crawl Stone Soup version 0.32-a0-913-g739538afd8 (webtiles) character file.

Game seed: 7507196074352597443

16063522 gameguard the Slayer (level 27, 314/314 HPs)
             Began as a Demonspawn Shapeshifter on Apr 6, 2024.
             Was an Initiate of Gozag.
             Escaped with the Orb
             ... and 15 runes
             ... and 1 gem on Apr 7, 2024!
             The game lasted 05:55:06 (97926 turns).

gameguard the Slayer (Demonspawn Shapeshifter)     Turns: 97926, Time: 05:55:07

Health: 314/314    AC: 39    Str: 22    XL:     27
Magic:  55/55      EV: 25    Int: 38    God:    Gozag
Gold:   3480       SH:  0    Dex: 16    Spells: 3/62 levels left

rFire   + +          .
                       - Unarmed
rCold   + + .        (no shield)
rNeg    + + +        O - +10 pearl dragon scales
rPois   ∞            f - +3 hat of Pondering {ponderous, Will+ MP+10 Int+5}
rElec   +            G - +1 cloak of Starlight {*Dazzle EV+4 Stlth--}
rCorr   .            (gloves unavailable)
SInv    .            L - +2 pair of boots {Fly}
Will    +++++        x - amulet "Roan Qumn" {^Fragile rF+ RegenMP+ Str+3 Slay+3} Stlth
                     W - ring of the Barnacle {rElec rF+ Int+6 Dex-3}
HPRegen 1.52/turn    A - ring "Kuleuplo" {rC+ Will+ Int+5 Slay+2}
MPRegen 0.74/turn

%: clarity, wizardry (x1)
@: death-form, flying, studying 2 skills, bribing [the Dungeon, the Tomb of the
Ancients], slow
A: vile attack, torment immunity, no potions, demonic guardian 3, robust 3, big
brain 3, demonic magic 3, demonic touch 3, talons 1, agile 1, clarity,
regeneration 1
0: Orb of Zot
}: 15/15 runes: barnacled, slimy, silver, golden, iron, obsidian, icy, bone,
abyssal, demonic, glowing, magical, fiery, dark, gossamer
a: Siphon Essence, Begin Untransformation, Renounce Religion, Potion Petition,
Call Merchant, Bribe Branch


You escaped.
You worshipped Gozag.
Gozag was most pleased with you.
You were an undying horror.
You visited 17 branches of the dungeon, and saw 87 of its levels.
You visited Pandemonium 1 time, and saw 15 of its levels.
You visited the Abyss 1 time.
You visited 1 bazaar.
You also visited: Trove, Bailey and Ice Cave.

You collected 52853 gold pieces.
You spent 13549 gold pieces at shops.
You paid 35824 gold pieces to Gozag.

Inventory:

Missiles
 j - 9 throwing nets {!f}
Armour
 f - the +3 hat of Pondering (worn) {ponderous, Will+ MP+10 Int+5}
   (You took it off Gastronok on level 8 of the Dungeon)

   Int+5:     It affects your intelligence (+5).
   Will+:     It increases your willpower.
   MP+10:     It affects your magic capacity (+10).
 v - the +4 tower shield "Bimuuhih" {^Drain Will+ Dex+4}
   (You took it off a daeva in Pandemonium)

   Dex+4:     It affects your dexterity (+4).
   Will+:     It increases your willpower.
   ^Drain:    It drains your maximum health when unequipped.
 C - a +1 tower shield of resistance
 G - the +1 cloak of Starlight (worn) {*Dazzle EV+4 Stlth--}
   (You bought it in a shop on level 1 of the Lair of Beasts)

   *Dazzle:   It may blind those who miss an attack against the wearer in melee
   combat.
   EV+4:      It affects your evasion (+4).
   Stlth--:   It makes you much less stealthy.
 L - a +2 pair of boots of flying (worn)
 O - +10 pearl dragon scales (worn)
 X - the -2 hat of the Alchemist {rElec rPois rF+ rC+ rN+ Will+ rMut rCorr}
   (You found it on level 5 of the Vaults)

   rF+:       It protects you from fire.
   rC+:       It protects you from cold.
   rElec:     It insulates you from electricity.
   rPois:     It protects you from poison.
   rN+:       It protects you from negative energy.
   Will+:     It increases your willpower.
   rCorr:     It protects you from acid and corrosion.
   rMut:      It protects you from mutation.
Jewellery
 c - the ring "Raxologg" {Fly rC+ rN+}
   (You found it on level 2 of the Realm of Zot)

   [ring of protection from cold]

   rC+:       It protects you from cold.
   rN+:       It protects you from negative energy.
   Fly:       It grants you flight.
 g - the ring of Gozag's Inspiration {rF++ Will+ Int+3 Dex-5}
   (You bought it in a shop in a bazaar)

   [ring of willpower]

   Int+3:     It affects your intelligence (+3).
   Dex-5:     It affects your dexterity (-5).
   rF++:      It greatly protects you from fire.
   Will+:     It increases your willpower.
 s - the ring "Jygayddo" {*Corrode rPois EV+5 Int+3 SInv}
   (You found it on level 3 of the Depths)

   [ring of evasion]

   EV+5:      It affects your evasion (+5).
   Int+3:     It affects your intelligence (+3).
   rPois:     It protects you from poison.
   SInv:      It lets you see invisible.
   *Corrode:  It may corrode you when you take damage.
 x - the amulet "Roan Qumn" (around neck) {^Fragile rF+ RegenMP+ Str+3 Slay+3}
   (You took it off a deep elf demonologist on level 3 of the Elven Halls)

   [amulet of magic regeneration]

   It increases your rate of magic regeneration.
   Str+3:     It affects your strength (+3).
   Slay+3:    It affects your accuracy & damage with ranged weapons and melee
   (+3).
   rF+:       It protects you from fire.
   ^Fragile:  It will be destroyed if unequipped.
   RegenMP+:  It increases your rate of magic regeneration.
 y - a ring of resist corrosion
 A - the ring "Kuleuplo" (right hand) {rC+ Will+ Int+5 Slay+2}
   (You found it on level 2 of the Vaults)

   [ring of willpower]

   Int+5:     It affects your intelligence (+5).
   Slay+2:    It affects your accuracy & damage with ranged weapons and melee
   (+2).
   rC+:       It protects you from cold.
   Will+:     It increases your willpower.
 I - the ring "Vizemn" {Fly rC++ Dex+3 Slay+2}
   (You took it off a fire giant on level 4 of the Depths)

   [ring of flight]

   Dex+3:     It affects your dexterity (+3).
   Slay+2:    It affects your accuracy & damage with ranged weapons and melee
   (+2).
   rC++:      It greatly protects you from cold.
   Fly:       It grants you flight.
 W - the ring of the Barnacle (left hand) {rElec rF+ Int+6 Dex-3}
   (You bought it in a shop on level 2 of the Orcish Mines)

   [ring of protection from fire]

   Int+6:     It affects your intelligence (+6).
   Dex-3:     It affects your dexterity (-3).
   rF+:       It protects you from fire.
   rElec:     It insulates you from electricity.
 Y - the amulet of Larohe {Reflect rCorr Int+2 SH+5}
   (You bought it in a shop in a bazaar)

   [amulet of reflection]

   Reflect:   It reflects blocked missile attacks.
   Int+2:     It affects your intelligence (+2).
   rCorr:     It protects you from acid and corrosion.
   SH+5:      It affects your SH (+5).
Talismans
 d - a granite talisman
 u - a talisman of death (active)
Wands
 i - a wand of quicksilver (57)
 r - a wand of digging (64)
 B - a wand of mindburst (45)
 D - a wand of warping (74)
 K - a wand of paralysis (74)
Scrolls
 b - 14 scrolls of fear
 m - 12 scrolls of fog
 o - 18 scrolls of teleportation
 q - 12 scrolls of blinking
 t - 3 scrolls of amnesia
 J - 4 scrolls of revelation
 P - 6 scrolls of butterflies
 S - 11 scrolls of immolation
Potions
 a - 7 potions of cancellation
 e - 7 potions of haste
 l - 8 potions of brilliance
 n - 6 potions of resistance
 p - 5 potions of enlightenment
 w - 13 potions of mutation
 F - 21 potions of curing
 M - 5 potions of ambrosia
 N - 5 potions of magic
 R - 12 potions of might
 T - 3 potions of invisibility
 U - 14 potions of heal wounds
 V - 9 potions of lignification
Miscellaneous
 h - the horn of Geryon
 k - a figurine of a ziggurat
 z - a Gell's gravitambourine (2/2)
 E - a phantom mirror
 H - a lightning rod (4/4)
 Q - a sack of spiders
 Z - a tin of tremorstones (2/2)


   Skills:
 + Level 25.4 Fighting
 + Level 21.2 Armour
 + Level 22.9 Dodging
 - Level 3.0 Stealth
 + Level 24.6 Unarmed Combat
 - Level 18.0 Spellcasting
 - Level 10.0 Conjurations
 - Level 24.0 Summonings
 - Level 15.0 Necromancy
 - Level 8.0 Translocations
 - Level 11.8 Ice Magic
 - Level 5.0 Air Magic
 - Level 3.0 Earth Magic
 - Level 8.0 Alchemy
 - Level 19.0 Evocations
 - Level 23.0 Shapeshifting


You had 3 spell levels left.
You knew the following spells:

 Your Spells              Type           Power      Damage    Failure   Level
a - Irradiate             Conj/Alch      40%        3d25      1%          5
b - Death Channel         Necr           49%        N/A       1%          6
f - Malign Gateway        Summ/Tloc      51%        N/A       1%          7
g - Dragon's Call         Summ           60%        N/A       3%          9
q - Apportation           Tloc           100%       N/A       1%          1
r - Haunt                 Necr/Summ      55%        N/A       1%          7
s - Bombard               Conj/Erth      35%        9d6       8%          6
t - Spellforged Servitor  Conj/Summ      52%        N/A       1%          7
v - Fugue of the Fallen   Necr           99%        N/A       0%          3
x - Passage of Golubria   Tloc           76%        N/A       1%          4
z - Vhi's Electric Charg  Tloc/Air       100%       N/A       1%          4

Your spell library contained the following spells:

 Spells                   Type           Power      Damage    Failure   Level
 Freeze                   Ice            100%       1d10      0%          1
 Kiss of Death            Conj/Necr      100%       2d13      0%          1
 Necrotise                Necr           100%       1d9       0%          1
 Summon Small Mammal      Summ           100%       N/A       0%          1
 Call Imp                 Summ           100%       N/A       0%          2
 Sublimation of Blood     Necr           99%        N/A       0%          2
 Call Canine Familiar     Summ           100%       N/A       0%          3
 Summon Ice Beast         Ice/Summ       100%       N/A       0%          3
 Vampiric Draining        Necr           99%        2d13      0%          3
 Magic Dart               Conj           100%       1d8       1%          1
 Shock                    Conj/Air       100%       1d9       1%          1
 Sting                    Conj/Alch      100%       1d9       1%          1
 Cigotuvi's Dreadful Rot  Necr/Alch/Air  100%       N/A       1%          2
 Ensorcelled Hibernation  Hex/Ice        100%       N/A       1%          2
 Mercury Vapours          Alch/Air       100%       N/A       1%          2
 Momentum Strike          Conj/Tloc      100%       3d10      1%          2
 Scorch                   Fire           68%        2d7       1%          2
 Searing Ray              Conj           100%       2d8       1%          2
 Static Discharge         Conj/Air       100%       3-8/arc   1%          2
 Confusing Touch          Hex            34%        N/A       1%          3
 Dazzling Flash           Conj/Hex       100%       N/A       1%          3
 Frozen Ramparts          Ice            100%       1d16      1%          3
 Hailstorm                Conj/Ice       87%        3d14      1%          3
 Inner Flame              Hex/Fire       34%        N/A       1%          3
 Mephitic Cloud           Conj/Alch/Air  75%        N/A       1%          3
 Passwall                 Erth           54%        N/A       1%          3
 Sigil of Binding         Hex            34%        N/A       1%          3
 Swiftness                Air            64%        N/A       1%          3
 Teleport Other           Tloc           76%        N/A       1%          3
 Volatile Blastmotes      Fire/Tloc      100%       2d18      1%          3
 Martyr's Knell           Necr/Summ      100%       N/A       0%          4
 Summon Cactus Giant      Summ           60%        N/A       0%          6
 Airstrike                Air            32%        2d(5-21)  1%          4
 Anguish                  Hex/Necr       37%        N/A       1%          4
 Animate Armour           Summ/Erth      100%       N/A       1%          4
 Brom's Barrelling Bould  Conj/Erth      70%        2d8       1%          4
 Dimensional Bullseye     Hex/Tloc       29%        N/A       1%          4
 Dispel Undead            Necr           99%        3d31      1%          4
 Flame Wave               Conj/Fire      64%        2d15      1%          4
 Fulminant Prism          Conj/Alch      40%        3d19      1%          4
 Ignite Poison            Fire/Alch      59%        N/A       1%          4
 Iskenderun's Mystic Bla  Conj/Tloc      80%        2d16      (+2d91%     4
 Leda's Liquefaction      Alch/Erth      33%        N/A       1%          4
 Olgreb's Toxic Radiance  Alch           76%        N/A       1%          4
 Petrify                  Alch/Erth      66%        N/A       1%          4
 Sticky Flame             Fire/Alch      59%        2d10      1%          4
 Summon Blazeheart Golem  Fire/Summ      90%        N/A       1%          4
 Summon Lightning Spire   Summ/Air       97%        N/A       1%          4
 Alistair's Intoxication  Alch           50%        N/A       1%          5
 Arcjolt                  Conj/Air       37%        1d47      1%          5
 Borgnjor's Vile Clutch   Necr/Erth      40%        N/A       1%          5
 Curse of Agony           Necr           99%        N/A       1%          5
 Freezing Cloud           Conj/Ice/Air   40%        6-21      1%          5
 Iskenderun's Battlesphe  Conj           83%        2d13      1%          5
 Metabolic Englaciation   Hex/Ice        34%        N/A       1%          5
 Summon Forest            Summ/Tloc      51%        N/A       1%          5
 Summon Mana Viper        Hex/Summ       90%        N/A       1%          5
 Sculpt Simulacrum        Ice/Alch       41%        N/A       1%          6
 Monstrous Menagerie      Summ           60%        N/A       1%          7
 Summon Hydra             Summ           60%        N/A       1%          7
 Summon Horrible Things   Summ           60%        N/A       1%          8
 Fireball                 Conj/Fire      32%        3d14      2%          5
 Conjure Ball Lightning   Conj/Air       37%        3x3d12    4%          6
 Dispersal                Tloc           38%        N/A       4%          6
 Gell's Gavotte           Tloc           38%        2d(28-42) 4%          6
 Permafrost Eruption      Ice/Erth       37%        2x4d9     4%          6
 Ozocubu's Refrigeration  Ice            45%        4d17      4%          7
 Lee's Rapid Deconstruct  Erth           27%        3d14*     6%          5
 Cause Fear               Hex            17%        N/A       7%          4
 Silence                  Hex/Air        26%        N/A       7%          5
 Borgnjor's Revivificati  Necr           49%        N/A       10%         8
 Plasma Beam              Fire/Air       26%        2x1d38    34%         6
 Death's Door             Necr           49%        N/A       78%         9
 Lehudib's Crystal Spear  Conj/Erth      35%        10d9      95%         8
 Enfeeble                 Hex            17%        N/A       99%         7
 Polar Vortex             Ice            45%        12d6*     99%         9
 Ignition                 Fire           17%        3d7       100%        8
 Chain Lightning          Conj/Air       37%        3d49      100%        9
 Fire Storm               Conj/Fire      32%        8d8       100%        9
 Shatter                  Erth           27%        3d23*     100%        9


Dungeon Overview and Level Annotations

Branches:
Dungeon (15/15)            Temple (0/1) D:7            Lair (5/5) D:8
 Shoals (4/4) Lair:2       Spider (4/4) Lair:3        Slime (5/5) Lair:4
    Orc (2/2) D:10            Elf (3/3) Orc:2        Vaults (5/5) D:13
  Crypt (3/3) Vaults:3       Tomb (3/3) Crypt:3      Depths (4/4) D:15
   Hell (visited)             Dis (7/7) Hell            Geh (7/7) Hell
    Coc (7/7) Hell            Tar (7/7) Hell            Zot (5/5) Depths:4
 Bailey (visited)           IceCv (visited)

Altars:
Dithmenos
Gozag
Hepliaklqana
Kikubaaqudgha
Makhleb
Nemelex Xobeh
Okawaru
Qazlal
Ru
Trog
Vehumet
Wu Jian
Xom
Yredelemnul
Jiyva
Lugonu

Shops:
D:9 *   D:13 [   D:15 [???   Orc:2 =!:?(   Elf:2 ((!:*   Lair:1 [   Lair:3 *
Shoals:1 =   Shoals:3 [=   Vaults:2 [   Vaults:3 !   Vaults:5 (   Tomb:1 :
Depths:1 [[   Depths:2 =::   Depths:4 =

Portals:
Hell: Depths:1 Depths:2 Depths:3 Depths:4
Abyss: D:5 Depths:1 Depths:3
Pandemonium: Depths:2
Ziggurat: Depths:2

Annotations:
D:5 2 transporters, smashvw's ghost, amateur MDFi
Tomb:1 Khufu


Innate Abilities, Weirdness & Mutations

You are an undying horror.
Your melee and unarmed attacks drain, slow and weaken victims.
You are immune to unholy pain and torment.
You cannot drink.
You are immune to poison.
A powerful demonic guardian rushes to your aid.
You are extremely robust. (+30% HP)
You have an absolutely massive brain. (Int +6, Wiz)
Spells you cast and wands you use may paralyse nearby enemies.
Your touch may irresistibly damage your foes and sap their willpower.
You have sharp toenails.
You are agile. (Dex +4, Str/Int -1)
You possess an exceptional clarity of mind.
Your natural rate of healing is unusually fast.


Message History

Something completely misses the demonspawn warmonger.
The demonspawn warmonger hits something with a +6 antimagic demon trident!!
You fly upwards.
There is a stone staircase leading down here.
HP restored.
Magic restored.
There is a stone staircase leading up here.
You fly upwards.
Level annotation: 2 transporters, smashvw's ghost, amateur MDFi
There is a stone staircase leading down here.
Your magic seems less tainted.
The white imp shouts, "Admit defeat, thou fobbing hell-hated barnacle!"
The quasit gives a chilling moan.
There is a stone staircase leading up here.
You fly upwards.
There is a stone staircase leading down here.
You see here a ball python skeleton.
There is a stone staircase leading up here.
You fly upwards.
There is a stone staircase leading down here.
There is a stone staircase leading up here.
You fly upwards.
There is a stone staircase leading down here.
There is a stone staircase leading up here.
You fly upwards.
There is a stone staircase leading down here.
Your Hell Sentinel grins greedily, jangling a coin purse.
A Hell Sentinel comes into view.
Casting: Dragon's Call (mildly dangerous; 3% risk of failure)
Confirm with . or Enter, or press ? or * to list all spells.
You call out to the draconic realm, and the dragon horde roars back!
Malevolent energies surge around you.
Magic restored.
You hear the wailing of the damned!
You feel a bit more experienced.
The roar of the dragon horde subsides.
You hear the wailing of the damned!
You feel a bit more experienced.
You can once more reach out to the dragon horde.
There is a staircase leading out of the dungeon here.
You have escaped!

###.#.##.#.##...##.#.#...## ##...
###.#.##.#.#.##.ß#.#.###..###.###
##†...#ß.#.#.#ß.##.#.ß##.#.#.##
##..#.##.#.#.##....#.##..##.##
.....).#.#.##..###ß#.#####...#
##.##.##.##.##...###.# #...#
##.##.###.##.####...## #...#
.#.##...##.##...##ß## #...#
.#.########.###.z### #...#
.#.###....##11###### #...####
...#............##.#######...#...
.###........#...##...............
.# #........#.##....1............
.# #>.......#.##.#...............
.###...............######........
#.##..........##.### #.....###
##.###.##.##..##.# #.....#


There were no monsters in sight!

Vanquished Creatures
  Cerebov (Pan)
  Antaeus (Coc:7)
  Asmodeus (Geh:7)
  the Royal Jelly (Slime:5)
  Ignacio (Pan)
  the Serpent of Hell (Geh:7)
  Mnoleg (Pan)
  Gloorx Vloq (Pan)
  6 dread liches
  2 orbs of fire
  Mennas (Crypt:2)
  3 ancient liches
  Xtahua (Depths:4)
  6 royal mummies
  Boris (Crypt:1)
  3 curse toes (Zot:3)
  The ghost of AutarchDCSS the Pyromancer, a veteran DrHW of Hepliaklqana (Zot:2)
  A Killer Klown (Zot:3)
  14 caustic shrikes
  Bai Suzhen (Shoals:3)
  14 shard shrikes
  The ghost of Lucarghiu the Struggler, a veteran GnWn of Okawaru (Depths:4)
  2 profane servitors (Tar:3)
  21 bone dragons
  Nikola (Spider:3)
  11 golden dragons
  A pearl dragon (Pan)
  6 pandemonium lords
  8 Brimstone Fiends
  The ghost of Emoisch the Slayer, an adept MiFi of Okawaru (Zot:2)
  10 doom hounds
  4 hellephants
  An iron giant (Dis:7)
  2 electric golems
  5 Tzitzimimeh
  Jorgrun (Spider:1)
  13 tainted leviathans
  17 tentacled monstrosities
  A spectral shard shrike (Tar:2)
  9 Hell Sentinels
  11 liches
  12 titans
  9 Ice Fiends
  The ghost of zewo the Severer, an adept DrWn of Yredelemnul (Vaults:2)
  A shard shrike skeleton (Crypt:3)
  2 deep elf blademasters (Elf:3)
  2 Orb Guardians (Zot:5)
  12 searing wretches
  2 deep elf master archers (Elf:3)
  9 sphinxes
  18 acid blobs
  A kraken (Shoals:4)
  3 quicksilver dragons
  Polyphemus (Shoals:3)
  Gastronok (D:8)
  Agnes (Spider:1)
  7 Executioners (Pan)
  6 tentacled starspawn
  11 ancient champions
  6 death cobs
  Aizul (Elf:2)
  6 tengu reavers
  16 storm dragons
  8 shadow dragons
  7 deep elf sorcerers
  A fenstrider witch (Pan)
  6 narguns
  10 rockslimes
  19 fire giants
  3 revenants
  6 daevas (Pan)
  Donald (Orc:2)
  11 draconian monks
  10 azure jellies
  13 vault wardens
  An emperor scorpion (Spider:3)
  6 quicksilver elementals
  10 frost giants
  A nagaraja (Abyss:5)
  12 balrugs
  3 draconian shifters
  4 juggernaut zombies
  8 deep elf elementalists (Elf:3)
  3 iron dragons
  3 demonspawn warmongers (Pan)
  8 shard shrike simulacra
  3 draconian scorchers
  6 protean progenitors
  Louise (Shoals:1)
  7 draconian knights
  5 ghost moths
  3 spectral caustic shrikes
  21 angels (Pan)
  3 orc warlords
  6 demonspawn blood saints (Pan)
  2 broodmothers
  2 curse skulls
  3 ghouls (Crypt:1)
  6 cacodemons (Pan)
  7 formless jellyfish
  A demonspawn corrupter (Pan)
  2 spriggan defenders (Depths:2)
  5 reapers
  24 very ugly things
  4 draconian annihilators
  3 draconian stormcallers
  A caustic shrike zombie (Abyss:3)
  5 quicksilver oozes
  6 ironbound thunderhulks
  11 ophanim (Pan)
  16 stone giants
  2 caustic shrike skeletons
  3 vampire knights (Crypt:1)
  12 ironbound preservers
  8 deep elf demonologists
  13 apis (Pan)
  12 black draconians
  8 putrid mouths
  23 green draconians
  5 deep elf death magi
  3 deep elf annihilators
  8 yellow draconians
  9 elemental wellsprings
  3 lorocyprocas
  7 spark wasps
  4 dire elephants
  3 bennus (Tomb:2)
  2 demonspawn black suns (Pan)
  23 war gargoyles
  6 wendigos
  16 white draconians
  8 red draconians
  14 eidola
  12 purple draconians
  6 starcursed masses (Abyss:5)
  6 blizzard demons
  8 iron golems
  3 crystal guardians
  7 ettins
  A green death (Pan)
  8 mummy priests
  6 merfolk javelineers
  14 yaktaur captains
  A spectral quicksilver dragon (Tar:6)
  Josephine (D:13)
  9 merfolk impalers
  4 jiangshi
  10 fire dragons
  2 spectral spriggans
  21 ice dragons
  A spectral iron giant (Tar:2)
  6 deep elf high priests
  4 hydras
  8 great orbs of eyes
  A quicksilver dragon skeleton (Tomb:2)
  6 rakshasas
  6 spriggan air magi
  4 entropy weavers
  5 peacekeepers
  2 hell beasts
  8 ironbound frosthearts
  18 vault guards
  2 sphinx zombies
  8 boulder beetles
  An ogre mage (Vaults:5)
  8 caustic shrike simulacra
  Erica (D:8)
  2 juggernaut simulacra (Coc:7)
  3 merfolk avatars
  2 catoblepae
  The ghost of Ynexoj the Summoner, a journeyman TeSu of Ashenzari (Spider:3)
  4 radroaches (Spider:4)
  3 merfolk aquamancers
  24 dancing weapons
  4 death knights
  6 deep troll earth magi
  6 two-headed ogres
  3 stokers
  An anaconda (Abyss:5)
  12 centaur warriors
  5 death scarabs
  25 hell hogs
  7 deep troll shamans
  4 tengu warriors
  A spectral naga (Tar:6)
  15 death yaks
  9 demonic crawlers
  2 spectral dire elephants
  9 thrashing horrors
  8 vampire magi
  A shock serpent (shapeshifter) (Abyss:5)
  13 hell knights
  10 spriggan berserkers
  5 occultists
  10 soul eaters
  An orc high priest (Orc:2)
  8 wretched stars
  19 deep elf knights
  The ghost of jamsaran the Summoner, a novice TeSu of Nemelex Xobeh (D:9)
  3 crystal echidnas
  43 skeletal warriors
  23 sun demons
  11 shadow wraiths
  A spatial maelstrom (Abyss:5)
  7 cherubim (Pan)
  3 pharaoh ants
  7 skysharks
  A spectral anaconda (Tar:7)
  A golden dragon zombie (Crypt:1)
  A hellephant skeleton (Pan)
  2 goliath frogs (Lair:5)
  6 iron trolls
  8 sixfirhies
  3 deep elf archers
  3 quicksilver dragon simulacra
  An anaconda zombie (Hell)
  2 death drakes (Depths:4)
  A mana viper (Zot:4)
  7 glowing orange brains
  38 deep trolls
  9 arcanists
  11 lindwurms
  2 shadow demons (Pan)
  7 flayed ghosts
  2 spriggan druids (Depths:1)
  7 spriggan simulacra
  10 sea snakes
  A kraken simulacrum (Hell)
  3 steelbarb worms
  6 sun moths
  4 orb spiders
  11 orc knights
  2 bog bodies (Crypt:1)
  Pikel (D:9)
  2 orange crystal statues (Zot:2)
  16 harpies
  8 thermic dynamos
  14 ironbound convokers
  20 phantasmal warriors
  A fenstrider witch simulacrum (Coc:2)
  6 necromancers
  5 wolf spiders
  29 deep elf pyromancers
  10 fauns
  2 stone giant zombies
  24 deep elf zephyrmancers
  39 ugly things
  An eleionoma zombie (Crypt:2)
  A frost giant zombie (Depths:1)
  6 orc sorcerers
  3 shining eyes
  A spectral ettin (Tar:6)
  16 manticores
  Maurice (D:8)
  9 cyclopes
  3 rust devils (Hell)
  A fire giant zombie (Hell)
  2 meliai (Spider:3)
  17 moths of wrath
  5 kobold blastminers
  14 merfolk sirens
  5 ice statues
  3 molten gargoyles (Hell)
  16 vault sentinels
  2 water nymphs (Shoals:4)
  An eye of devastation (Slime:5)
  4 torpor snails
  3 black mambas
  19 elephants
  5 gargoyles
  4 orange demons (Pan)
  A stone giant skeleton (Crypt:3)
  2 apocalypse crabs (Abyss:5)
  A storm dragon simulacrum (Coc:1)
  An alligator snapping turtle zombie (Tomb:2)
  A human skeleton (Vaults:4)
  22 cane toads
  17 smoke demons
  14 large abominations
  2 unseen horrors
  15 hellions
  6 rime drakes
  A dire elephant skeleton (Crypt:3)
  32 yaktaurs
  2 efreet
  2 titan simulacra (Coc:4)
  8 freezing wraiths
  A sea snake zombie (Hell)
  2 kobold demonologists (D:12)
  5 ice devils (Hell)
  2 anaconda simulacra
  11 komodo dragons
  2 tengu conjurers
  4 centaur skeletons
  5 spectral harpies
  An ancient zyme (Abyss:5)
  A spark wasp simulacrum (Depths:1)
  17 guardian mummies
  An iron giant simulacrum (Coc:7)
  A white draconian skeleton (Crypt:1)
  6 tormentors
  A shadow dragon simulacrum (Crypt:1)
  6 trolls
  17 polar bears
  A queen bee (Lair:3)
  A silent spectre (Tar:6)
  A harpy zombie (Crypt:1)
  28 merfolk
  6 hellwings
  Grinder (D:3)
  23 jumping spiders
  A moth of wrath zombie (Crypt:2)
  4 tyrant leeches
  2 wind drakes
  8 hornets
  A harpy skeleton (Crypt:3)
  Prince Ribbit (D:8)
  41 blink frogs
  7 raiju
  3 hydra skeletons
  A spriggan zombie (Hell)
  18 tarantellas
  A death drake skeleton (Crypt:2)
  A human simulacrum (Vaults:4)
  4 dream sheep (Lair:3)
  11 snapping turtles
  2 stone giant simulacra (Coc:3)
  Sigmund (D:6)
  2 glass eyes
  A black mamba zombie (Crypt:1)
  17 slime creatures
  A naga simulacrum (Coc:1)
  3 air elementals (Elf:2)
  10 culicivoras
  An ettin skeleton (Crypt:2)
  7 spriggans
  A yak (shapeshifter) (Elf:3)
  A vampire (D:10)
  A meliai zombie (Crypt:2)
  20 water elementals
  4 fire elementals
  10 wyverns
  21 wraiths
  5 shadows
  9 ynoxinuls
  7 neqoxecs
  5 dire elephant simulacra
  A slime creature zombie (Crypt:1)
  55 yaks
  A steam dragon (Lair:3)
  Eustachio (D:5)
  5 ushabtiu
  A fire bat (Pan)
  A golden eye (Abyss:5)
  5 wargs
  3 basilisks
  17 redbacks
  A black mamba skeleton (Crypt:2)
  6 vampire mosquitoes
  7 chaos spawn
  2 spatial vortices (Abyss:5)
  6 harpy simulacra
  A glowing shapeshifter zombie (Vaults:4)
  6 small abominations
  A naga (shapeshifter) (D:15)
  2 acid dragons (D:9)
  15 water moccasins
  2 hell hounds
  5 ice beasts
  37 orc warriors
  3 black bears
  A black mamba simulacrum (Crypt:1)
  4 sky beasts
  41 laughing skulls
  A fire dragon simulacrum (Crypt:1)
  9 ogres
  30 wolves
  9 boggarts
  A dream sheep zombie (Crypt:2)
  27 centaurs
  A manticore skeleton (Crypt:2)
  9 kobold brigands
  2 lemures (D:9)
  A lindwurm skeleton (Crypt:1)
  A salamander zombie (Crypt:2)
  21 nameless horrors
  A phantom (D:5)
  A human zombie (Vaults:4)
  16 bullfrogs
  Blork the orc (D:5)
  2 weeping skulls (Abyss:3)
  3 earth elementals
  2 gnoll sergeants (D:9)
  An elf skeleton (Crypt:1)
  A cyclops zombie (Crypt:2)
  2 scorpions
  A hornet simulacrum (D:9)
  17 wights
  34 killer bees
  5 howler monkeys
  8 electric eels
  A bombardier beetle (D:5)
  A crimson imp (D:12)
  4 hounds
  12 orc priests
  3 jellies
  Crazy Yiuf (D:5)
  2 sleepcaps
  Natasha (thrice) (D:4)
  4 iguanas
  20 orc wizards
  8 hell rats
  A killer bee zombie (Crypt:1)
  A centaur simulacrum (D:9)
  A hound skeleton (Crypt:2)
  21 mummies
  8 adders
  11 gnolls
  A shadow imp (D:7)
  A dart slug (D:5)
  58 orcs
  4 endoplasms
  A giant cockroach (D:1)
  5 goblins
  7 hobgoblins
  4 jackals
  A quokka (D:4)
  7 ball pythons
  6 bats
  A frilled lizard (D:1)
  24 kobolds
  A quokka zombie (Crypt:1)
  2 rats (D:2)
  2 aspiring fleshes (Pan)
  2 creeping infernos
  2 fire vortices
  2 starspawn tentacles
  6 tentacles
2993 creatures vanquished.

Vanquished Creatures (collateral kills)
  3 pandemonium lords
  Ereshkigal (Tar:7)
  A seraph (Pan)
  Lom Lobon (Pan)
  Dispater (Dis:7)
  An orb of fire (Zot:5)
  4 ancient liches
  A juggernaut (Dis:7)
  5 royal mummies
  Boris (Vaults:5)
  9 shard shrikes
  19 caustic shrikes
  Geryon (Hell)
  A curse toe (Zot:5)
  2 golden dragons (Zot:1)
  10 bone dragons
  2 profane servitors
  6 Brimstone Fiends
  3 Tzitzimimeh
  3 doom hounds (Tar:7)
  An electric golem (Zot:3)
  6 iron giants
  A spectral shard shrike (Tar:7)
  10 hellephants
  9 tentacled monstrosities
  6 Ice Fiends
  Mlioglotl (Spider:1)
  8 liches
  9 tainted leviathans
  Rupert (D:13)
  9 Hell Sentinels
  8 Orb Guardians
  8 sphinxes
  A titan (Coc:7)
  A quicksilver dragon (Zot:5)
  4 eldritch tentacles
  9 tentacled starspawn
  3 acid blobs (Slime:5)
  A death cob (Zot:3)
  11 searing wretches
  18 ancient champions
  A storm dragon (Zot:5)
  3 Executioners (Pan)
  A tengu reaver (Depths:4)
  3 shadow dragons
  Roxanne (Shoals:1)
  A revenant (Abyss:5)
  A nagaraja (Pan)
  11 daevas (Pan)
  A rockslime (Slime:2)
  3 draconian monks
  6 narguns
  2 draconian shifters
  3 azure jellies
  2 protean progenitors (Pan)
  Ilsuiw (Shoals:2)
  8 frost giants
  An iron dragon (Vaults:5)
  2 emperor scorpions (Spider:4)
  6 quicksilver elementals
  5 ghost moths
  11 fire giants
  3 demonspawn warmongers (Pan)
  2 vault wardens
  A caustic shrike zombie (Hell)
  11 angels (Pan)
  19 balrugs
  8 reapers
  A deep elf elementalist (Abyss:5)
  3 shard shrike simulacra
  2 ironbound preservers
  2 curse skulls (Pan)
  12 cacodemons
  7 stone giants
  9 very ugly things
  7 demonspawn blood saints (Pan)
  8 ophanim (Pan)
  15 apis (Pan)
  4 broodmothers
  A draconian annihilator (Zot:4)
  2 demonspawn corrupters (Pan)
  A formless jellyfish (Slime:5)
  4 green draconians
  14 elemental wellsprings
  3 dire elephants
  4 putrid mouths
  3 black draconians
  A deep elf death mage (Elf:3)
  5 deep elf annihilators
  4 demonspawn black suns (Pan)
  3 red draconians
  2 yellow draconians
  4 bennus
  4 spark wasps
  3 war gargoyles
  2 wendigos
  A spectral titan (Tar:5)
  3 purple draconians
  7 white draconians
  5 eidola
  12 blizzard demons
  A merfolk impaler (Shoals:2)
  5 iron golems
  A merfolk javelineer (Abyss:5)
  15 mummy priests
  2 green deaths (Pan)
  4 entropy weavers
  6 fire dragons
  5 yaktaur captains
  3 rakshasas
  4 salamander tyrants
  4 great orbs of eyes
  2 caustic shrike simulacra (Coc:7)
  8 vault guards (Vaults:5)
  A radroach (Spider:4)
  3 hell beasts (Pan)
  An alligator snapping turtle (Shoals:4)
  3 merfolk avatars
  3 ice dragons
  5 juggernaut simulacra
  A centaur warrior (Vaults:1)
  A nameless horror (Tar:3)
  An ogre mage (Vaults:5)
  3 stokers
  A merfolk aquamancer (Shoals:2)
  A jorogumo (Spider:2)
  53 death scarabs
  3 dancing weapons (Elf:2)
  3 tengu warriors
  A spectral stone giant (Tar:2)
  A satyr (Shoals:3)
  22 hell hogs
  8 thrashing horrors
  A death yak (Lair:2)
  A deep troll earth mage (Depths:2)
  3 occultists
  3 demonic crawlers
  A vampire mage (Crypt:2)
  2 deep elf knights (Elf:2)
  A naga sharpshooter (Abyss:5)
  5 hell knights
  3 iron trolls
  21 sun demons
  7 soul eaters
  5 crystal echidnas
  A pharaoh ant (Spider:4)
  2 hellephant skeletons (Pan)
  A storm dragon zombie (Hell)
  7 wretched stars
  A titan skeleton (Crypt:3)
  7 skeletal warriors
  9 shadow wraiths
  12 sixfirhies
  4 sea snakes
  4 skysharks
  11 cherubim (Pan)
  13 deep trolls
  3 quicksilver dragon simulacra
  9 shadow demons (Pan)
  4 orb spiders
  3 glowing orange brains
  2 flayed ghosts (Abyss:5)
  4 mana vipers
  A spectral hydra (Tar:5)
  A deep elf archer (Abyss:5)
  An anaconda zombie (Hell)
  4 spriggan simulacra
  4 ironbound convokers
  A sun moth (Pan)
  3 steelbarb worms (Spider:4)
  A steelbarb worm (shapeshifter) (Depths:2)
  A bog body (Abyss:5)
  2 deep elf zephyrmancers (Elf:2)
  8 harpies
  A phantasmal warrior (Vaults:5)
  2 iron dragon zombies
  3 necromancers
  3 deep elf pyromancers
  2 orc knights
  11 starcursed masses
  An alligator zombie (Hell)
  7 ugly things
  3 worldbinders
  3 fauns
  A shining eye (shapeshifter) (Vaults:5)
  9 wolf spiders
  A stone giant zombie (Hell)
  2 will-o-the-wisps (Abyss:5)
  A fire giant zombie (Hell)
  6 manticores
  4 shining eyes
  4 moths of wrath
  2 rust devils
  19 large abominations
  A kobold blastminer (Orc:2)
  A meliai (Spider:3)
  5 merfolk sirens
  A water nymph (Shoals:1)
  2 titan simulacra
  A vault sentinel (Vaults:1)
  5 apocalypse crabs (Abyss:5)
  A molten gargoyle (Hell)
  2 torpor snails
  24 smoke demons
  9 orange demons
  A centaur skeleton (Tomb:3)
  A sea snake zombie (Hell)
  A spriggan zombie (Hell)
  An unseen horror (shapeshifter) (Abyss:5)
  3 anaconda simulacra
  5 hellions
  8 yaktaurs
  2 bunyip simulacra (Coc:2)
  12 tormentors
  An efreet (Abyss:5)
  A golden dragon simulacrum (Coc:5)
  A catoblepas skeleton (Crypt:2)
  4 freezing wraiths
  9 ancient zymes
  4 ice devils
  An iron giant simulacrum (Coc:6)
  A red devil (Pan)
  10 spectral harpies
  A wind drake (Shoals:4)
  A polar bear (Pan)
  11 hellwings
  14 tarantellas
  5 merfolk
  21 guardian mummies
  2 hydra skeletons
  21 raiju
  11 jumping spiders
  A troll (D:11)
  A hydra zombie (Hell)
  6 blink frogs
  6 glass eyes
  A glass eye (shapeshifter) (Depths:2)
  4 snapping turtles
  An ettin zombie (Hell)
  7 slime creatures
  An iron dragon simulacrum (Coc:2)
  2 centaur simulacra (Coc:1)
  4 water elementals
  A spriggan (Depths:2)
  A wyvern (D:8)
  A vampire (Abyss:5)
  9 culicivoras
  6 dire elephant simulacra
  3 ushabtiu
  2 wraiths
  11 ynoxinuls
  5 yaks
  An alligator snapping turtle simulacrum (Coc:1)
  A golden eye (Abyss:3)
  14 redbacks
  20 chaos spawn
  16 neqoxecs
  10 small abominations
  3 spatial vortices (Abyss:3)
  4 harpy simulacra
  A tengu zombie (Hell)
  A water moccasin (Lair:1)
  5 hell hounds
  9 orc warriors
  A swamp drake (Abyss:5)
  24 laughing skulls
  A black mamba simulacrum (Coc:2)
  An ice beast (Abyss:2)
  4 ettin simulacra
  2 boggarts
  2 centaurs (D:13)
  3 weeping skulls
  A deep troll simulacrum (Crypt:2)
  A killer bee (Lair:3)
  2 orc priests
  A jelly (Abyss:2)
  4 orc wizards
  11 hell rats (Hell)
  19 mummies
  A gnoll (D:9)
  2 white imps
  3 ufetubi
  3 orcs
  A giant cockroach (D:2)
  4 aspiring fleshes (Pan)
  4 creeping infernos
  11 fire vortices
  9 starspawn tentacles
1390 creatures vanquished.

Vanquished Creatures (others)
  2 orbs of fire (Zot:5)
  2 royal mummies (Tomb:3)
  A golden dragon (Zot:5)
  11 Orb Guardians (Zot:5)
  A tentacled monstrosity (Zot:5)
  A lich (Zot:5)
  A quicksilver dragon (Depths:4)
  6 ancient champions (Tomb:3)
  18 eldritch tentacles
  A draconian monk (Zot:5)
  2 draconian knights (Zot:5)
  A storm dragon (Zot:5)
  A demonspawn warmonger (Pan)
  A draconian scorcher (Zot:5)
  A balrug (Pan)
  A ghost moth (Spider:3)
  A draconian annihilator (Zot:5)
  A cacodemon (Pan)
  4 green draconians
  A bennu (Tomb:3)
  2 black draconians (Zot:5)
  2 purple draconians
  4 yellow draconians
  5 mummy priests (Tomb:3)
  A caustic shrike simulacrum (Coc:1)
  A spriggan skeleton (Tomb:3)
  9 death scarabs (Tomb:3)
  A demonic crawler (Pan)
  A shadow demon (Pan)
  A spriggan simulacrum (Coc:7)
  A deep elf zephyrmancer (Elf:3)
  A starcursed mass (Abyss:2)
  3 moths of wrath (Zot:5)
  2 orange demons
  A torpor snail (Spider:4)
  An efreet (D:7)
  12 guardian mummies (Tomb:3)
  A bunyip simulacrum (Coc:1)
  An anaconda simulacrum (Coc:1)
  A spectral harpy (Geh:6)
  2 hellwings (Pan)
  A raiju (Abyss:5)
  A water elemental (Shoals:1)
  An ushabti (Tomb:3)
  A fire bat (Pan)
  A chaos spawn (Pan)
  An ettin simulacrum (Coc:5)
  A naga simulacrum (Coc:7)
  An orc wizard (D:10)
  3 mummies (Tomb:3)
  3 orcs
  12 ball lightnings (Pan)
  3 creeping infernos
  7 fire vortices
  6 foxfires (Abyss:5)
  4 lurking horrors (Abyss:5)
  25 starspawn tentacles
  18 tentacles
200 creatures vanquished.

Grand Total: 4583 creatures vanquished

Notes
Turn   | Place    | Note
-------+----------+-------------------------------------------
     0 | D:1      | gameguard the Demonspawn Shapeshifter began the quest for
                  | the Orb.
     0 | D:1      | Reached XP level 1. HP: 15/15 MP: 1/1
   343 | D:1      | Gained mutation: A weak demonic guardian rushes to your
                  | aid. [demonic ancestry]
   343 | D:1      | Reached XP level 2. HP: 21/21 MP: 2/2
   372 | D:1      | Found a faded altar of an unknown god.
  1007 | D:2      | Gained mutation: Your touch may inflict minor irresistible
                  | damage on your foes. [demonic ancestry]
  1007 | D:2      | Reached XP level 3. HP: 27/27 MP: 3/3
  1363 | D:3      | Noticed Grinder
  1377 | D:3      | Paralysed by Grinder for 3 turns
  1385 | D:3      | Killed Grinder
  1386 | D:3      | Reached skill level 3 in Fighting
  1386 | D:3      | Reached XP level 4. HP: 32/35 MP: 4/4
  1386 | D:3      | Gained mutation: You have an unusually large brain. (Int
                  | +2) [demonic ancestry]
  1386 | D:3      | Reached XP level 5. HP: 37/41 MP: 5/5
  1481 | D:3      | Reached XP level 6. HP: 47/47 MP: 6/6
  1775 | D:3      | Found a shadowy altar of Dithmenos.
  1910 | D:3      | Found a sacrificial altar of Ru.
  2113 | D:3      | Found an opulent altar of Gozag.
  2185 | D:4      | Noticed Natasha
  2190 | D:4      | Killed Natasha
  2208 | D:4      | Reached skill level 5 in Unarmed Combat
  2225 | D:4      | You fall into a shaft and drop 1 floor!
  2225 | D:5      | Entered Level 5 of the Dungeon
  2320 | D:4      | Found a basalt altar of Yredelemnul.
  2328 | D:4      | Noticed Natasha
  2332 | D:4      | Killed Natasha
  2588 | D:4      | Noticed Natasha
  2597 | D:4      | Killed Natasha
  2769 | D:4      | Gained mutation: A demonic guardian rushes to your aid.
                  | [demonic ancestry]
  2769 | D:4      | Reached XP level 7. HP: 53/53 MP: 7/7
  3116 | D:5      | Found a transporter.
  3116 | D:5      | Found a transporter.
  3125 | D:5      | Found a one-way gate to the infinite horrors of the Abyss.
  3125 | D:5      | Noticed smashvw's ghost (amateur MDFi)
  3132 | D:5      | Reached skill level 4 in Fighting
  3154 | D:5      | Noticed Blork the orc
  3202 | D:5      | Killed Blork the orc
  3498 | D:5      | Noticed Eustachio
  3534 | D:5      | Killed Eustachio
  3535 | D:5      | Reached XP level 8. HP: 47/61 MP: 8/8
  4142 | D:5      | Found a runed translucent door.
  4143 | D:5      | Noticed Crazy Yiuf
  4226 | D:6      | Reached skill level 5 in Fighting
  4226 | D:6      | Reached skill level 5 in Shapeshifting
  4373 | D:6      | Reached skill level 1 in Evocations
  4533 | D:6      | Found a burning altar of Makhleb.
  4624 | D:6      | Noticed Sigmund
  4923 | D:3      | Became a worshipper of Gozag Ym Sagoz the Greedy
  5016 | D:5      | Killed Crazy Yiuf
  5017 | D:5      | Reached XP level 9. HP: 68/68 MP: 9/9
  5538 | D:6      | Killed Sigmund
  5539 | D:6      | Reached skill level 6 in Fighting
  5774 | D:7      | Found a staircase to the Ecumenical Temple.
  5890 | D:7      | Found a flagged portal.
  5944 | Bailey   | Entered a bailey
  6404 | Bailey   | Reached skill level 7 in Fighting
  6404 | Bailey   | Reached XP level 10. HP: 79/79 MP: 10/10
  6503 | Bailey   | Found an iron altar of Okawaru.
  6574 | D:7      | Learned a level 3 spell: Fugue of the Fallen
  6581 | D:7      | Learned a level 6 spell: Death Channel
  7118 | D:7      | Reached skill level 1 in Necromancy
  7148 | D:7      | Reached skill level 1 in Spellcasting
  7289 | D:7      | Found a shimmering altar of Xom.
  7558 | D:7      | Found an ornate altar of the Wu Jian Council.
  7810 | D:7      | Reached skill level 10 in Unarmed Combat
  7974 | D:8      | Noticed Erica
  7974 | D:8      | Noticed Prince Ribbit
  7984 | D:8      | Killed Prince Ribbit
  8135 | D:8      | Killed Erica
  8136 | D:8      | Reached skill level 1 in Armour
  9017 | D:8      | Noticed Gastronok
  9137 | D:8      | Killed Gastronok
  9138 | D:8      | Reached XP level 11. HP: 57/86 MP: 10/14
  9232 | D:8      | Reached skill level 8 in Fighting
  9245 | D:8      | Noticed Maurice
  9257 | D:8      | Killed Maurice
  9297 | D:8      | Found a staircase to the Lair.
  9487 | D:8      | Found a hazy altar of Hepliaklqana.
 10489 | D:9      | Noticed Pikel
 10535 | D:9      | Killed Pikel
 10658 | D:9      | Noticed a two-headed ogre
 10673 | D:9      | Killed a two-headed ogre
 11068 | D:9      | Found a bloodstained altar of Trog.
 11074 | D:9      | Found a runed translucent gate.
 11074 | D:9      | Found a runed translucent gate.
 11074 | D:9      | Found a runed translucent gate.
 11076 | D:9      | Found an opulent altar of Gozag.
 11078 | D:9      | Noticed jamsaran's ghost (novice TeSu)
 11079 | D:9      | Found Unitiace's Assorted Antiques.
 11312 | D:9      | Found a sparkling altar of Nemelex Xobeh.
 11312 | D:9      | Found a radiant altar of Vehumet.
 11320 | D:9      | Found a faded altar of an unknown god.
 11322 | D:9      | Found an ancient bone altar of Kikubaaqudgha.
 11324 | D:9      | Found a faded altar of an unknown god.
 11787 | D:10     | Entered Level 10 of the Dungeon
 12017 | D:10     | Noticed a two-headed ogre
 12027 | D:10     | Killed a two-headed ogre
 12243 | D:10     | Found a staircase to the Orcish Mines.
 12602 | D:10     | Found a stormy altar of Qazlal.
 12618 | D:10     | Reached skill level 5 in Necromancy
 12637 | D:10     | Reached skill level 9 in Fighting
 13042 | D:11     | Noticed a two-headed ogre
 13049 | D:11     | Killed a two-headed ogre
 13050 | D:11     | Gained mutation: Your touch may inflict irresistible damage
                  | on your foes. [demonic ancestry]
 13050 | D:11     | Reached XP level 12. HP: 95/95 MP: 16/16
 13172 | D:11     | Reached skill level 5 in Evocations
 13291 | D:11     | Noticed a two-headed ogre
 13297 | D:11     | Killed a two-headed ogre
 13795 | D:11     | Noticed a two-headed ogre
 13805 | D:11     | Killed a two-headed ogre
 13925 | D:11     | Noticed a boulder beetle
 14231 | D:11     | Killed a boulder beetle
 14523 | Lair:1   | Entered Level 1 of the Lair of Beasts
 14849 | Lair:1   | Found a frozen archway.
 14947 | IceCv    | Entered an ice cave
 15228 | IceCv    | Reached skill level 10 in Fighting
 15523 | IceCv    | Got Sif Muna's Elucidation of Apparitions and
                  | Transformation
 15655 | IceCv    | Noticed a death yak
 15664 | IceCv    | Killed a death yak
 15665 | IceCv    | Gained mutation: Spells you cast may paralyse adjacent
                  | enemies. [demonic ancestry]
 15665 | IceCv    | Reached XP level 13. HP: 75/104 MP: 17/17
 15809 | IceCv    | Gained mutation: You possess an exceptional clarity of
                  | mind. [potion of mutation]
 15809 | IceCv    | Gained mutation: You have hidden genetic potential. [potion
                  | of mutation]
 15809 | IceCv    | Gained mutation: You have sharp toenails. [potion of
                  | mutation]
 16452 | Lair:1   | Identified the +0 chain mail of Jigsaw {rElec Int+3}
 17983 | Lair:1   | Bought the +1 cloak of Starlight {*Dazzle EV+4 Stlth--} for
                  | 335 gold pieces
 17983 | Lair:1   | Found the +1 cloak of Starlight {*Dazzle EV+4 Stlth--}
 17988 | Lair:1   | Bought the +3 scale mail "Jemegele" {rC+ Will+ rCorr} for
                  | 486 gold pieces
 18529 | Lair:2   | Reached skill level 11 in Fighting
 18922 | Lair:2   | Found a staircase to the Shoals.
 20083 | Lair:3   | Reached skill level 1 in Stealth
 20105 | Lair:3   | Gained mutation: You have an extremely huge brain. (Int +4)
                  | [demonic ancestry]
 20105 | Lair:3   | Reached XP level 14. HP: 99/113 MP: 19/19
 21325 | Lair:3   | Found a hole to the Spider Nest.
 21787 | Lair:4   | Found a staircase to the Slime Pits.
 21788 | Lair:4   | Found a viscous altar of Jiyva.
 21882 | Lair:4   | Reached skill level 10 in Shapeshifting
 22669 | Lair:4   | Reached skill level 15 in Unarmed Combat
 23042 | Lair:5   | Entered Level 5 of the Lair of Beasts
 23070 | Lair:5   | Reached skill level 5 in Spellcasting
 23196 | Lair:5   | Reached skill level 5 in Dodging
 23716 | Lair:5   | Reached skill level 12 in Fighting
 23777 | Lair:5   | Gained mutation: You have an absolutely massive brain. (Int
                  | +6, Wiz) [demonic ancestry]
 23777 | Lair:5   | Reached XP level 15. HP: 88/120 MP: 20/22
 23815 | Lair:5   | Gained mutation: Your natural rate of healing is unusually
                  | fast. [hidden potential]
 24600 | Orc:1    | Entered Level 1 of the Orcish Mines
 24822 | Orc:2    | Entered Level 2 of the Orcish Mines
 24926 | Orc:1    | Learned a level 4 spell: Vhi's Electric Charge
 25180 | Orc:2    | Found Etuatuash's Book Shoppe.
 25180 | Orc:2    | Found Meanonoc's Distillery.
 25182 | Orc:2    | Found Fusig's Jewellery Boutique.
 25184 | Orc:2    | Found Cyup's Magic Scroll Emporium.
 25230 | Orc:2    | Bought a scroll of immolation for 56 gold pieces
 25230 | Orc:2    | Bought a scroll of teleportation for 42 gold pieces
 25233 | Orc:2    | Bought a potion of heal wounds for 55 gold pieces
 25233 | Orc:2    | Bought a potion of resistance for 110 gold pieces
 25233 | Orc:2    | Bought 2 potions of haste for 220 gold pieces
 25233 | Orc:2    | Bought a potion of haste for 110 gold pieces
 25233 | Orc:2    | Bought a potion of curing for 33 gold pieces
 25233 | Orc:2    | Bought a potion of lignification for 33 gold pieces
 25235 | Orc:2    | Bought the ring of the Barnacle {rElec rF+ Int+6 Dex-3} for
                  | 588 gold pieces
 25239 | Orc:2    | Learned a level 1 spell: Apportation
 25243 | Orc:2    | Learned a level 3 spell: Volatile Blastmotes
 25406 | Orc:2    | Reached skill level 1 in Air Magic
 25408 | Orc:2    | Reached skill level 1 in Translocations
 25643 | Orc:2    | Noticed Donald
 25654 | Orc:2    | Killed Donald
 25874 | Orc:2    | Found a staircase to the Elven Halls.
 26093 | Orc:2    | Found Gigovid's Weapon Boutique.
 26725 | Orc:2    | Bought a scroll of fog for 56 gold pieces
 26725 | Orc:2    | Bought a scroll of fear for 56 gold pieces
 26725 | Orc:2    | Bought a scroll of enchant armour for 105 gold pieces
 26892 | D:9      | Killed jamsaran's ghost
 26957 | D:9      | Bought a wand of digging (3) for 340 gold pieces
 27255 | D:12     | Identified the +9 longbow of Bread {drain, rF- Will+
                  | Stlth+}
 27950 | D:13     | Noticed Rupert
 27963 | D:13     | Killed Rupert
 28376 | D:13     | Noticed Josephine
 28401 | D:13     | Killed Josephine
 28520 | D:13     | Found a gate to the Vaults.
 28734 | D:13     | Reached XP level 16. HP: 118/129 MP: 25/25
 28769 | D:13     | Noticed Nessos
 28772 | D:13     | Nessos changed into Nessos the spriggan
 28772 | D:13     | Noticed Nessos
 28775 | D:13     | Killed Nessos the spriggan
 28822 | D:12     | Identified the +1 war axe "Eroxaq" {freeze, *Rage rF+
                  | Will+++ MP+9}
 29543 | D:14     | Got Gieletta's Anthology of Iotic Location
 29773 | D:14     | Found an iron altar of Okawaru.
 30830 | D:15     | Entered Level 15 of the Dungeon
 30923 | D:15     | Found an ancient bone altar of Kikubaaqudgha.
 30946 | D:15     | Bought a scroll of fear for 60 gold pieces
 30946 | D:15     | Bought a scroll of teleportation for 45 gold pieces
 30946 | D:15     | Bought a scroll of revelation for 112 gold pieces
 30946 | D:15     | Bought a scroll of butterflies for 60 gold pieces
 31620 | D:15     | Reached skill level 13 in Fighting
 31677 | D:15     | Found a staircase to the Depths.
 31927 | D:15     | Bought a scroll of fog for 64 gold pieces
 31927 | D:15     | Bought a scroll of teleportation for 48 gold pieces
 31927 | D:15     | Bought a scroll of revelation for 120 gold pieces
 32120 | Spider:1 | Entered Level 1 of the Spider Nest
 32123 | Spider:1 | Noticed Mlioglotl
 32333 | Spider:1 | Killed Mlioglotl
 32660 | Spider:1 | Noticed Agnes
 32671 | Spider:1 | Killed Agnes
 32880 | Spider:1 | Noticed Jorgrun
 32887 | Spider:1 | Reached skill level 10 in Necromancy
 32896 | Spider:1 | Killed Jorgrun
 33816 | Spider:2 | Gained mutation: Your touch may irresistibly damage your
                  | foes and sap their willpower. [demonic ancestry]
 33816 | Spider:2 | Reached XP level 17. HP: 135/137 MP: 27/27
 34300 | Spider:2 | Gained mutation: You are agile. (Dex +4, Str/Int -1)
                  | [hidden potential]
 34300 | Spider:2 | Lost mutation: You have hidden genetic potential. [hidden
                  | potential expressed]
 34743 | Spider:3 | Reached skill level 5 in Air Magic
 35078 | Spider:3 | Reached skill level 5 in Translocations
 35313 | Spider:3 | Reached skill level 10 in Evocations
 35313 | Spider:3 | Gained mutation: You are robust. (+10% HP) [demonic
                  | ancestry]
 35313 | Spider:3 | Reached XP level 18. HP: 123/158 MP: 25/28
 35780 | Spider:3 | Noticed Nikola
 35805 | Spider:3 | Killed Nikola
 36158 | Spider:3 | Found a runed translucent gate.
 36158 | Spider:3 | Found a runed translucent gate.
 36158 | Spider:3 | Found a runed translucent gate.
 36159 | Spider:3 | Noticed Ynexoj's ghost (journeyman TeSu)
 36666 | Spider:3 | Learned a level 3 spell: Mephitic Cloud
 36674 | Spider:3 | Killed Ynexoj's ghost
 36685 | Spider:3 | Identified the staff of the Shrinking Salmon {rF+ MP+9
                  | Fire}
 36712 | Spider:4 | Entered Level 4 of the Spider Nest
 37033 | Spider:4 | Reached skill level 1 in Alchemy
 37045 | Spider:4 | Reached skill level 1 in Conjurations
 37613 | Spider:4 | Reached skill level 14 in Fighting
 37652 | Spider:4 | Got a gossamer rune of Zot
 37653 | Spider:4 | Identified the +2 pair of gloves "Uggibb" {Harm rPois
                  | Int+3}
 38538 | Lair:3   | Learned a level 4 spell: Passage of Golubria
 38649 | Shoals:1 | Entered Level 1 of the Shoals
 38895 | Shoals:1 | Found Puafot's Jewellery Shop.
 39278 | Shoals:1 | Noticed Roxanne
 39288 | Shoals:1 | Gained mutation: You are very robust. (+20% HP) [demonic
                  | ancestry]
 39288 | Shoals:1 | Reached XP level 19. HP: 114/182 MP: 15/30
 39330 | Shoals:1 | Noticed Louise
 39331 | Shoals:1 | Killed Roxanne
 39341 | Shoals:1 | Killed Louise
 40476 | Shoals:2 | Noticed Ilsuiw
 40485 | Shoals:2 | Killed Ilsuiw
 41305 | Shoals:2 | Identified a scroll of acquirement
 41306 | Shoals:2 | Acquired a manual of Summonings
 41344 | Shoals:3 | Found Secir's Antique Armour Shoppe.
 41505 | Shoals:3 | Noticed Polyphemus
 41562 | Shoals:3 | Killed Polyphemus
 41885 | Shoals:3 | Noticed Bai Suzhen
 42121 | Shoals:3 | Learned a level 5 spell: Irradiate
 42164 | Shoals:3 | Killed Bai Suzhen
 42890 | Shoals:4 | Entered Level 4 of the Shoals
 42919 | Shoals:4 | Got Gezesch's Catalogue of Frigid Rallying
 43069 | Shoals:4 | Got a barnacled rune of Zot
 43161 | Shoals:4 | Found the +10 Black Knight's barding {ponderous, rPois rN+}
 43174 | Shoals:4 | Identified the +0 leather armour of Bitterness {Rampage
                  | rPois rC+++ Str-3}
 43432 | Shoals:4 | Identified the +1 flail "Usanoef" {venom, rF+ Dex+3}
 43642 | Shoals:4 | Identified the +3 ring mail of Elitism {Will+}
 43810 | Shoals:4 | Reached XP level 20. HP: 190/190 MP: 18/32
 44236 | Vaults:1 | Entered Level 1 of the Vaults
 44607 | Vaults:1 | Reached skill level 15 in Shapeshifting
 46083 | Vaults:2 | Acquired a manual of Dodging
 46398 | Vaults:2 | Found Setonkao's Armour Shoppe.
 46524 | Vaults:2 | Found a runed translucent gate.
 46524 | Vaults:2 | Found a runed translucent gate.
 46524 | Vaults:2 | Found a runed translucent gate.
 46524 | Vaults:2 | Noticed zewo's ghost (adept DrWn)
 47094 | Vaults:2 | Killed zewo's ghost
 47097 | Vaults:2 | Identified the ring "Kuleuplo" {rC+ Will+ Int+5 Slay+2}
 47151 | Vaults:3 | You fall into a shaft and drop 1 floor!
 47240 | Vaults:4 | Found a portal to a secret trove of treasure.
 47635 | Vaults:4 | Reached XP level 21. HP: 199/199 MP: 33/33
 47739 | Vaults:4 | Identified the +7 plate armour "Haox" {Str+5 Int+5}
 48798 | Vaults:3 | Reached skill level 5 in Conjurations
 49279 | Vaults:3 | Reached skill level 5 in Alchemy
 49426 | Vaults:3 | Found a staircase to the Crypt.
 49426 | Vaults:3 | Found an ancient bone altar of Kikubaaqudgha.
 49427 | Vaults:3 | Found a basalt altar of Yredelemnul.
 49544 | Vaults:3 | Found Puett's Distillery.
 49598 | Vaults:3 | Bought a potion of cancellation for 104 gold pieces
 49598 | Vaults:3 | Bought a potion of haste for 130 gold pieces
 49800 | Vaults:3 | Reached skill level 10 in Dodging
 50522 | Elf:1    | Entered Level 1 of the Elven Halls
 50571 | Elf:1    | Reached skill level 15 in Fighting
 50988 | Elf:1    | Got Asmodeus's Directory of Convocation
 51308 | Elf:1    | Identified the +11 trident of Arufiuck {freeze, Str+3 Int+3
                  | Dex-4 Stlth+}
 51653 | Elf:2    | Found Zyuw's Distillery.
 51712 | Elf:2    | Identified the serpent talisman of Good Intentions {MP+9
                  | Str-3 Int-2 Dex+8}
 51712 | Elf:2    | Noticed Aizul
 51722 | Elf:2    | Killed Aizul
 52110 | Elf:2    | Found a runed translucent gate.
 52112 | Elf:2    | Found a runed translucent gate.
 52112 | Elf:2    | Found a runed translucent gate.
 52264 | Elf:2    | Found Cyzar's Antique Weapon Shoppe.
 52292 | Elf:2    | Gained mutation: Spells you cast may paralyse nearby
                  | enemies. [demonic ancestry]
 52292 | Elf:2    | Reached XP level 22. HP: 185/210 MP: 25/35
 52382 | Elf:2    | Bought a potion of invisibility for 128 gold pieces
 52382 | Elf:2    | Bought a potion of might for 64 gold pieces
 52382 | Elf:2    | Bought a potion of magic for 128 gold pieces
 52382 | Elf:2    | Bought a potion of haste for 160 gold pieces
 52382 | Elf:2    | Bought a potion of haste for 160 gold pieces
 52382 | Elf:2    | Bought a potion of brilliance for 64 gold pieces
 52382 | Elf:2    | Bought a potion of brilliance for 64 gold pieces
 52531 | Elf:2    | Found Voqax Biu's Assorted Antiques.
 52685 | Elf:2    | Bought 2 scrolls of teleportation for 174 gold pieces
 52694 | Elf:2    | Found Tydaah's Weapon Emporium.
 52739 | Elf:2    | Found Xetur's Book Boutique.
 52758 | Elf:3    | Entered Level 3 of the Elven Halls
 52883 | Elf:3    | Found a flickering gateway to a bazaar.
 52889 | Bazaar   | Entered a bazaar
 52893 | Bazaar   | Found Dipuof's Antique Weapon Boutique.
 52915 | Bazaar   | Found Ciblan's Jewellery Emporium.
 52936 | Bazaar   | Found Esicuyniwu's Armour Boutique.
 52952 | Bazaar   | Found Hetaneatty's Antique Armour Shoppe.
 52995 | Bazaar   | Bought the ring of Gozag's Inspiration {rF++ Will+ Int+3
                  | Dex-5} for 498 gold pieces
 52995 | Bazaar   | Bought the amulet of Larohe {Reflect rCorr Int+2 SH+5} for
                  | 514 gold pieces
 53098 | Elf:3    | Reached skill level 1 in Summonings
 53875 | Elf:3    | Reached skill level 10 in Spellcasting
 54022 | Elf:3    | Identified the +10 great sword of Discomfort {venom, Str+6
                  | Int+4}
 54022 | Elf:3    | Identified the amulet "Roan Qumn" {^Fragile rF+ RegenMP+
                  | Str+3 Slay+3}
 54148 | Elf:3    | Identified the staff of gameguard's Peril {rF- rN+ Str+5
                  | Int+2 Necro}
 54160 | Elf:3    | Got the Monograph on Combat Magic
 54183 | Elf:3    | Identified the staff of World Downfall {rElec Will+ Int+3
                  | Air}
 54185 | Elf:3    | Identified the +2 scale mail of Demons {Rampage Str+3}
 54192 | Elf:3    | Identified the +4 battleaxe "Beetleslayer" {freeze, rC+
                  | Int+4}
 54278 | Elf:3    | Identified the +1 orcbow "Rugae" {drain, rF+}
 54508 | Elf:3    | Learned a level 4 spell: Dispel Undead
 54514 | Elf:3    | Acquired 771 gold pieces
 54770 | Depths:1 | Entered Level 1 of the Depths
 54952 | Depths:1 | Noticed a caustic shrike
 54957 | Depths:1 | Killed a caustic shrike
 55013 | Depths:1 | Reached skill level 5 in Summonings
 55104 | Depths:1 | Identified the +3 ring mail of a sewer {Str+5 Stlth+}
 55408 | Depths:1 | Found a gateway to Hell.
 55599 | Depths:1 | Found a corrupted altar of Lugonu.
 55822 | Depths:2 | Found a one-way gate leading to the halls of Pandemonium.
 55956 | Depths:2 | Reached skill level 16 in Fighting
 55966 | Depths:2 | Reached XP level 23. HP: 220/220 MP: 37/37
 56617 | Depths:2 | Found a one-way gateway to a ziggurat.
 56750 | Depths:2 | Found Hetioler's Book Shop.
 56751 | Depths:2 | Found Beesed's Jewellery Shoppe.
 56752 | Depths:2 | Found Esmao's Book Shop.
 57128 | Depths:2 | Identified the +4 mace of Garayv {spect, rF++ rC- rN+}
 57286 | Depths:3 | Found a transporter.
 57761 | Depths:3 | Found an opulent altar of Gozag.
 57819 | Depths:3 | Found a transporter.
 58287 | Depths:3 | Noticed a caustic shrike
 58305 | Depths:3 | Killed a caustic shrike
 58378 | Depths:3 | Identified the ring "Jygayddo" {*Corrode rPois EV+5 Int+3
                  | SInv}
 58390 | Depths:3 | Identified the +4 halberd of Acuzeoc {drain, rElec Will+
                  | Str+3}
 58392 | Depths:3 | Identified the ring of Kithrubb {Fire Int+2 Stlth+}
 58473 | Depths:4 | Entered Level 4 of the Depths
 58481 | Depths:4 | Reached skill level 10 in Summonings
 58693 | Depths:4 | Reached skill level 17 in Fighting
 58842 | Depths:4 | Found a gate to the Realm of Zot.
 59034 | Depths:4 | Gained mutation: Spells you cast and wands you use may
                  | paralyse nearby enemies. [demonic ancestry]
 59034 | Depths:4 | Reached XP level 24. HP: 234/234 MP: 37/37
 59097 | Depths:4 | Identified the ring of Jiodat Mise {Str+6 Int+2 Dex+2}
 59168 | Depths:4 | Reached skill level 15 in Dodging
 59488 | Depths:4 | Noticed Xtahua
 59496 | Depths:4 | Killed Xtahua
 59742 | Depths:4 | Found a runed translucent gate.
 59742 | Depths:4 | Found a runed translucent gate.
 59743 | Depths:4 | Found a runed translucent gate.
 59743 | Depths:4 | Identified the ring "Vizemn" {Fly rC++ Dex+3 Slay+2}
 59744 | Depths:4 | Noticed Lucarghiu's ghost (veteran GnWn)
 60217 | Depths:4 | Killed Lucarghiu's ghost
 60343 | Depths:4 | Identified the +0 pair of gloves of the Nexus {Regen+
                  | Dex+7}
 60797 | Elf:2    | Bought a Necronomicon for 756 gold pieces
 60805 | Elf:2    | Learned a level 7 spell: Haunt
 61229 | Vaults:5 | Entered Level 5 of the Vaults
 61242 | Vaults:5 | Identified the +4 robe of the Other World {rF- Str+2 SInv
                  | Archmagi}
 61242 | Vaults:5 | Noticed Boris
 61248 | Vaults:5 | Killed Boris
 61265 | Vaults:5 | Found the -2 hat of the Alchemist {rElec rPois rF+ rC+ rN+
                  | Will+ rMut rCorr}
 61310 | Vaults:5 | Identified the +1 leather armour "Ynac" {Int+2}
 61448 | Vaults:5 | Identified the ring of Kamuics {rC+ Will+ MP+9 Str+5 Dex-5}
 61622 | Vaults:5 | Reached skill level 18 in Fighting
 61650 | Vaults:5 | Gained mutation: A powerful demonic guardian rushes to your
                  | aid. [demonic ancestry]
 61650 | Vaults:5 | Reached XP level 25. HP: 244/244 MP: 35/38
 61788 | Vaults:5 | Identified the +1 cloak of Sin {rC- Str+4}
 62089 | Vaults:5 | Identified the +2 ring mail of Tachuta {rF++ rC+ Regen+
                  | Stlth-}
 62223 | Vaults:5 | Identified the +5 sling of Callousness {freeze, +Blink
                  | Str+2 Int+3}
 62224 | Vaults:5 | Identified the amulet "Hemawnat" {Spirit rC+ Int+3 Slay-4}
 62357 | Vaults:5 | Found Susemel's Antique Weapon Shop.
 62452 | Vaults:5 | Got a silver rune of Zot
 62632 | Vaults:5 | Learned a level 8 spell: Borgnjor's Revivification
 62999 | Shoals:3 | Bought a ring of resist corrosion for 280 gold pieces
 63156 | Slime:1  | Entered Level 1 of the Pits of Slime
 63312 | Slime:3  | Reached skill level 15 in Necromancy
 63416 | Slime:5  | Entered Level 5 of the Pits of Slime
 63451 | Slime:5  | Noticed the Royal Jelly
 63467 | Slime:5  | Killed the Royal Jelly
 63468 | Slime:5  | Reached skill level 15 in Summonings
 63581 | Slime:5  | Found the +7 sceptre of Torment {pain, torment}
 63612 | Slime:5  | Identified the staff of Kiuroiz {rC++ rN+ Str-2 Int+4 Necro
                  | Tloc}
 63614 | Slime:5  | Got a slimy rune of Zot
 63728 | Slime:5  | Identified the ring "Qiosorhu" {Fly rPois rN+ Dex+3}
 63768 | Slime:5  | Identified the +0 scale mail of Spring {rC++ rCorr}
 64259 | Vaults:4 | You paid a toll of 15 scrolls of teleportation to enter a
                  | treasure trove
 64260 | Trove    | Entered a treasure trove
 64292 | Trove    | Got Gewuoc Gonua's Reference Book on the Band and Terra
                  | Firma
 64302 | Trove    | Got the Cyclopedia of Windswept Geomancy
 64308 | Trove    | Got Joerghyn's Vademecum on Trauma
 64371 | Vaults:4 | Upgraded the game from 0.32-a0-900-g30fb1b0edc to
                  | 0.32-a0-913-g739538afd8
 64711 | Zot:1    | Entered Level 1 of the Realm of Zot
 65016 | Zot:1    | Identified the +9 scimitar of Ashenzari's Delight {pain,
                  | rC+}
 65582 | Zot:2    | Found a transporter.
 65587 | Zot:2    | Found a transporter.
 65595 | Zot:2    | Noticed AutarchDCSS's ghost (veteran DrHW)
 65597 | Zot:2    | Noticed an ancient lich
 66120 | Zot:2    | Identified the ring "Totiut" {Wiz rC+ Dex+3}
 66125 | Zot:2    | Noticed Emoisch's ghost (adept MiFi)
 66368 | Zot:2    | Reached XP level 26. HP: 253/253 MP: 37/39
 66626 | Zot:3    | Noticed an orb of fire
 66636 | Zot:3    | Killed an orb of fire
 66721 | Zot:2    | Killed an ancient lich
 66734 | Zot:2    | Killed AutarchDCSS's ghost
 66737 | Zot:2    | Killed Emoisch's ghost
 66892 | Zot:2    | Identified the ring "Raxologg" {Fly rC+ rN+}
 67791 | Zot:3    | Noticed an ancient lich
 67796 | Zot:3    | Killed an ancient lich
 68184 | Zot:4    | Noticed an orb of fire
 68187 | Zot:4    | Killed an orb of fire
 68676 | Zot:4    | Identified the +0 scale mail "Jois Oge" {rC- rCorr Int+6
                  | Dex-3}
 69275 | D:15     | Learned a level 9 spell: Dragon's Call
 69283 | D:15     | Bought a scroll of immolation for 92 gold pieces
 69283 | D:15     | Bought a scroll of revelation for 172 gold pieces
 69283 | D:15     | Bought a scroll of teleportation for 69 gold pieces
 69283 | D:15     | Bought a scroll of teleportation for 69 gold pieces
 69283 | D:15     | Bought a scroll of teleportation for 69 gold pieces
 69283 | D:15     | Bought a scroll of revelation for 172 gold pieces
 69283 | D:15     | Bought a scroll of teleportation for 69 gold pieces
 69463 | Lair:3   | Bought a scroll of immolation for 96 gold pieces
 69578 | Shoals:1 | Bought a talisman of death for 960 gold pieces
 69932 | Depths:1 | Bought an ichor-stained ring mail for 405 gold pieces
 69932 | Depths:1 | Identified the +0 ring mail of Inaction {rF+ rCorr} (You
                  | bought it in a shop on level 1 of the Depths)
 70020 | D:13     | Bought a +1 pair of boots of flying for 231 gold pieces
 70090 | D:15     | Bought glowing pearl dragon scales for 3267 gold pieces
 70317 | Crypt:1  | Entered Level 1 of the Crypt
 70565 | Crypt:1  | Reached skill level 5 in Armour
 70887 | Crypt:1  | Identified the +4 robe of Kengel Toemm {^Contam rC+ Int+4
                  | Dex+2}
 70887 | Crypt:1  | Noticed Boris
 70897 | Crypt:1  | Killed Boris
 70898 | Crypt:1  | Gained mutation: You are extremely robust. (+30% HP)
                  | [demonic ancestry]
 70898 | Crypt:1  | Reached XP level 27. HP: 161/282 MP: 39/39
 72175 | Crypt:2  | Noticed Mennas
 72192 | Crypt:2  | Killed Mennas
 72956 | Crypt:3  | Entered Level 3 of the Crypt
 73728 | Crypt:3  | Found a staircase to the Tomb.
 73825 | Crypt:3  | Identified the staff of Impeachment {rPois rN+ Int-3 Conj
                  | Necro}
 73826 | Crypt:3  | Identified the ring "Fucvu" {Fly rPois}
 74224 | Crypt:3  | Found an ancient bone altar of Kikubaaqudgha.
 74224 | Crypt:3  | Noticed an ancient lich
 74231 | Crypt:3  | Killed an ancient lich
 74316 | Crypt:3  | Identified the +3 war axe of Actus Reus {antimagic, rF+
                  | rC+}
 74326 | Crypt:3  | Noticed a dread lich
 74330 | Crypt:3  | Killed a dread lich
 74331 | Crypt:3  | Reached skill level 10 in Armour
 74961 | Hell     | Entered the Vestibule of Hell
 74961 | Hell     | Noticed Geryon
 74971 | Hell     | Killed Geryon
 75033 | Hell     | Found a gateway to the ashen valley of Gehenna.
 75201 | Hell     | Found a gateway to the freezing wastes of Cocytus.
 75443 | Hell     | Found a gateway to the decaying netherworld of Tartarus.
 75740 | Hell     | Found a gateway to the Iron City of Dis.
 75845 | Hell     | Learned a level 7 spell: Malign Gateway
 75869 | Coc:1    | Entered Level 1 of Cocytus
 76181 | Coc:2    | Noticed an ancient lich
 76189 | Coc:2    | Killed an ancient lich
 77210 | Coc:5    | Paralysed by a wendigo for 1 turns
 77801 | Coc:7    | Entered Level 7 of Cocytus
 78785 | Coc:7    | Noticed Antaeus
 78809 | Coc:7    | Killed Antaeus
 78812 | Coc:7    | Got an icy rune of Zot
 78889 | Coc:7    | Noticed a dread lich
 78893 | Coc:7    | Killed a dread lich
 79084 | Tar:1    | Entered Level 1 of Tartarus
 79096 | Tar:1    | You are sucked into a shaft and drop 1 floor!
 79144 | Tar:2    | Reached skill level 19 in Fighting
 79528 | Tar:4    | Reached skill level 15 in Evocations
 80225 | Tar:7    | Entered Level 7 of Tartarus
 80356 | Tar:7    | Noticed a dread lich
 80357 | Tar:7    | Noticed a dread lich
 80358 | Tar:7    | Found the +3 Elemental Staff {ele, rElec rF+ rC+ AC+3}
 80371 | Tar:7    | Killed a dread lich
 80373 | Tar:7    | Killed a dread lich
 80489 | Tar:7    | Got the Tome of Shocking Despair
 80492 | Tar:7    | Identified the ring "Cuynt" {Fly rN+ Str+3}
 80643 | Tar:7    | Noticed Ereshkigal
 80661 | Tar:7    | Paralysed by Ereshkigal for 4 turns
 80662 | Tar:7    | Killed Ereshkigal
 80942 | Tar:7    | Got a bone rune of Zot
 80972 | Tar:7    | Found the +5 demon whip "Spellbinder" {antimagic, disrupt,
                  | Will+}
 81157 | Tar:7    | Noticed an ancient lich
 81159 | Tar:7    | Noticed an ancient lich
 81169 | Tar:7    | Killed an ancient lich
 81169 | Tar:7    | Killed an ancient lich
 81186 | Tar:7    | Identified the +3 short sword of the Many Artisans {freeze,
                  | *Rage rN+ Str+3}
 81196 | Tar:7    | Identified the staff of Onimeg {Fly rPois Will- Int+6 SInv
                  | Alchemy}
 81388 | Geh:1    | Entered Level 1 of Gehenna
 81577 | Geh:2    | Reached skill level 20 in Fighting
 83149 | Geh:7    | Entered Level 7 of Gehenna
 83629 | Geh:7    | Noticed the Serpent of Hell
 83640 | Geh:7    | Killed the Serpent of Hell
 83641 | Geh:7    | Reached skill level 15 in Spellcasting
 83856 | Geh:7    | Identified the amulet "Zisolan" {Reflect rN+ Will+ Str+3
                  | Slay-6 SH+5}
 83874 | Geh:7    | Found the +13 sceptre of Asmodeus
 83874 | Geh:7    | Noticed Asmodeus
 83890 | Geh:7    | Killed Asmodeus
 83927 | Geh:7    | Got an obsidian rune of Zot
 83936 | Geh:7    | Identified the staff of the Evil Eye {rElec rN+ rCorr Dex+6
                  | Necro}
 83937 | Geh:7    | Identified the +2 chain mail of Untruth {*Corrode rC+
                  | Dex+4}
 83942 | Geh:7    | Identified the +1 mace of Hiqorupu {pain, Str+5}
 84144 | Dis:1    | Entered Level 1 of the Iron City of Dis
 84400 | Dis:3    | Noticed a dread lich
 84406 | Dis:3    | Killed a dread lich
 84509 | Dis:4    | You are sucked into a shaft and drop 1 floor!
 84737 | Dis:6    | Reached skill level 21 in Fighting
 85093 | Dis:7    | Entered Level 7 of the Iron City of Dis
 85813 | Dis:7    | Reached skill level 15 in Armour
 86056 | Dis:7    | Noticed a juggernaut
 86056 | Dis:7    | Noticed Dispater
 86073 | Dis:7    | Killed a juggernaut
 86083 | Dis:7    | Killed Dispater
 86104 | Dis:7    | Identified the amulet of Atheism {Faith ^Fragile Fly rN+++}
 86107 | Dis:7    | Identified the amulet "Neubeugi" {Fly Will+ Regen+ Int-5}
 86115 | Dis:7    | Got an iron rune of Zot
 86392 | Depths:2 | Learned a level 7 spell: Spellforged Servitor
 86398 | Pan      | Entered Pandemonium
 86594 | Pan      | Reached skill level 1 in Earth Magic
 86769 | Pan      | Identified the +4 sling of Dythrual {flame, rElec}
 86772 | Pan      | Noticed a seraph
 86779 | Pan      | Killed a seraph
 86788 | Pan      | Identified the ring "Baatongi" {rF+ rN+}
 86888 | Pan      | Got a demonic rune of Zot
 86892 | Pan      | Identified the +5 leather armour of Vunox {Harm rPois}
 86897 | Pan      | Identified the +7 broad axe "Hupn" {flame, Dex+2}
 87005 | Pan      | Identified the +0 tower shield of the Bursted Stag {Will+
                  | Dex+5}
 87786 | Pan      | Learned a level 6 spell: Bombard
 87919 | Pan      | Reached skill level 1 in Ice Magic
 87992 | Pan      | Identified the +4 tower shield "Bimuuhih" {^Drain Will+
                  | Dex+4}
 88005 | Pan      | Reached skill level 10 in Conjurations
 88970 | Pan      | Noticed Wokuj the pandemonium lord
 88975 | Pan      | Paralysed by Wokuj for 1 turns
 89069 | Pan      | Found an exit through the horrors of the Abyss.
 89081 | Pan      | Reached skill level 22 in Fighting
 89348 | Pan      | Reached skill level 5 in Ice Magic
 89527 | Pan      | Noticed Utadgh the pandemonium lord
 89536 | Pan      | Killed Utadgh the pandemonium lord
 90010 | Pan      | Noticed Ignacio
 90022 | Pan      | Killed Ignacio
 90028 | Pan      | Noticed Dic Tusmadeo the pandemonium lord
 90042 | Pan      | Killed Dic Tusmadeo the pandemonium lord
 90271 | Pan      | Noticed Soigilau the pandemonium lord
 90350 | Pan      | Killed Soigilau the pandemonium lord
 90650 | Pan      | Entered the realm of Gloorx Vloq.
 90867 | Pan      | Noticed Gloorx Vloq
 90879 | Pan      | Killed Gloorx Vloq
 90926 | Pan      | Got a dark rune of Zot
 91021 | Pan      | Entered the realm of Cerebov.
 91178 | Pan      | Found an exit through the horrors of the Abyss.
 91373 | Pan      | Found the +6 sword of Cerebov {flame}
 91373 | Pan      | Noticed Cerebov
 91395 | Pan      | Killed Cerebov
 91421 | Pan      | Got a fiery rune of Zot
 91556 | Pan      | Found a runed translucent door.
 91562 | Pan      | Found a runed translucent door.
 91567 | Pan      | Found a runed translucent door.
 91572 | Pan      | Noticed Ficeifus the pandemonium lord
 91577 | Pan      | Killed Ficeifus the pandemonium lord
 91589 | Pan      | Found a runed translucent door.
 91608 | Pan      | Entered the realm of Mnoleg.
 91633 | Pan      | Identified the +6 arbalest of the Moth {antimagic, Dex+3}
 91645 | Pan      | Found an exit through the horrors of the Abyss.
 91754 | Pan      | Noticed Mnoleg
 91790 | Pan      | Killed Mnoleg
 91803 | Pan      | Reached skill level 10 in Ice Magic
 92040 | Pan      | Got a glowing rune of Zot
 92234 | Pan      | Entered the realm of Lom Lobon.
 92239 | Pan      | Reached skill level 23 in Fighting
 92495 | Pan      | Noticed Lom Lobon
 92507 | Pan      | Killed Lom Lobon
 92513 | Pan      | Got a magical rune of Zot
 92744 | Pan      | Found an exit through the horrors of the Abyss.
 92760 | Pan      | Took an exit into the Abyss.
 92760 | Abyss:1  | Escaped into the Abyss
 92795 | Abyss:2  | Found a corrupted altar of Lugonu.
 93064 | Abyss:2  | Found a corrupted altar of Lugonu.
 93354 | Abyss:4  | Found a corrupted altar of Lugonu.
 93580 | Abyss:5  | Noticed a dread lich
 93601 | Abyss:5  | Killed a dread lich
 93611 | Abyss:5  | Identified the +3 demon blade of Asop {venom, rF+ rC+}
 93934 | Abyss:5  | Reached skill level 24 in Fighting
 94097 | Abyss:5  | Found a corrupted altar of Lugonu.
 94144 | Abyss:5  | Got an abyssal rune of Zot
 94150 | Depths:2 | Escaped the Abyss
 94630 | Tomb:1   | Entered Level 1 of the Tomb of the Ancients
 94649 | Tomb:1   | Bought a manual of Armour for 1520 gold pieces
 94688 | Tomb:1   | Noticed a royal mummy
 94705 | Tomb:1   | Noticed a royal mummy
 94715 | Tomb:1   | Killed a royal mummy
 94720 | Tomb:1   | Killed a royal mummy
 94882 | Tomb:1   | Identified the +6 scimitar "Isydy" {freeze, rC- rCorr
                  | Dex+2}
 94882 | Tomb:1   | Noticed a royal mummy
 94891 | Tomb:1   | Killed a royal mummy
 95003 | Tomb:2   | Noticed a royal mummy
 95013 | Tomb:2   | Noticed a royal mummy
 95028 | Tomb:2   | Killed a royal mummy
 95047 | Tomb:2   | Killed a royal mummy
 95058 | Tomb:2   | Noticed a royal mummy
 95063 | Tomb:2   | Noticed a royal mummy
 95073 | Tomb:2   | Killed a royal mummy
 95087 | Tomb:2   | Killed a royal mummy
 95638 | Tomb:3   | Entered Level 3 of the Tomb of the Ancients
 95756 | Tomb:3   | Noticed a royal mummy
 95768 | Tomb:3   | Killed a royal mummy
 95794 | Tomb:3   | Noticed a royal mummy
 95799 | Tomb:3   | Killed a royal mummy
 95803 | Tomb:3   | Noticed a royal mummy
 95811 | Tomb:3   | Noticed a royal mummy
 95818 | Tomb:3   | Killed a royal mummy
 95825 | Tomb:3   | Killed a royal mummy
 95867 | Tomb:3   | Reached skill level 25 in Fighting
 95868 | Tomb:3   | Identified the ring of the Horehound {rElec rPois rN+ MP+9
                  | Dex-4}
 96100 | Tomb:3   | Noticed a royal mummy
 96106 | Tomb:3   | Noticed a royal mummy
 96112 | Tomb:3   | Killed a royal mummy
 96128 | Tomb:3   | Noticed a royal mummy
 96134 | Tomb:3   | Killed a royal mummy
 96154 | Tomb:3   | Got a sanguine gem with 191 turns to spare
 96163 | Tomb:3   | Noticed Khufu
 96166 | Tomb:3   | Got a golden rune of Zot
 96281 | Tomb:3   | Got the Enchiridion on Voltaic Topomancy
 96282 | Tomb:3   | Identified the +0 battleaxe of the Scorpion {protect, Fly
                  | rElec rF- Dex+3}
 96315 | Tomb:3   | Identified the +3 short sword "Reiserih" {flame, ^Drain rF+
                  | Str+3}
 97072 | Zot:5    | Entered Level 5 of the Realm of Zot
 97268 | Zot:5    | Noticed an orb of fire
 97279 | Zot:5    | Noticed an orb of fire
 97309 | Zot:5    | Killed an orb of fire
 97314 | Zot:5    | Got the Orb of Zot
 97332 | Zot:5    | Noticed Vesikos the pandemonium lord
 97339 | Zot:5    | Killed an orb of fire
 97344 | Zot:5    | Killed Vesikos the pandemonium lord
 97355 | Zot:5    | Noticed a dread lich
 97355 | Zot:5    | Killed an orb of fire
 97421 | Zot:3    | Noticed an ancient lich
 97423 | Zot:3    | Noticed Qeodab the pandemonium lord
 97432 | Zot:3    | Killed Qeodab the pandemonium lord
 97434 | Zot:3    | Killed an ancient lich
 97519 | Depths:2 | Noticed Ugetev the pandemonium lord
 97528 | Depths:2 | Killed Ugetev the pandemonium lord
 97553 | Depths:2 | Noticed Geiqarett the pandemonium lord
 97563 | Depths:2 | Killed Geiqarett the pandemonium lord
 97585 | D:15     | Noticed Pomiodda the pandemonium lord
 97614 | D:15     | Killed Pomiodda the pandemonium lord
 97926 | D:$      | Escaped with the Orb!

Illustrated notes

Levels and vault maps discovered:
D:1:      nagdon_arrival_double_spiral, layout_loops_cross,
          hellmonk_ecumenical_altar_crossroads
D:2:      layout_rooms, minmay_heptomino_d4
D:3:      layout_basic, pdpol_temple_overflow_zin_treasury_gozag_greed,
          nicolae_ru_awakened_eye, mainiacjoe_overflow_six_doors_small,
          uniq_grinder
D:4:      layout_loops_ring, lemuel_crystal_altar, dk_rats_in_the_wall,
          uniq_natasha
D:5:      layout_loops_ring, gammafunk_ghost_abyssal_escape, dk_noncrumbling_3,
          chequers_serial_rivers_micro_e, uniq_blork_the_orc,
          uniq_crazy_yiuf_cottage, uniq_eustachio
D:6:      layout_basic, chequers_temple_overflow_statue_of_worship, uniq_sigmund
D:7:      layout_loops_cross, gammafunk_temple_overflow_pools,
          nzn_wu_jian_council_hall, minmay_temple_entry_stoned_glass,
          enter_bailey_2
D:8:      layout_basic, nicolae_hepliaklqana_hippocampus, dpeg_oklobed_lair,
          kennysheep_nondescript, uniq_erica, uniq_gastronok,
          uniq_prince_ribbit1, uniq_maurice
D:9:      layout_roguey, lemuel_crystal_altar,
          chequers_temple_overflow_minitemple, serial_ice, serial_ice_k,
          serial_ice_o, serial_ice_b, serial_ice_a, ebering_ghost_gozag,
          uniq_pikel
D:10:     layout_loops_ring, lemuel_doored_altar, david_orc_3
D:11:     layout_basic
D:12:     minmay_slanted_spiral_squares, layout_basic, lightli_wizard_tower
D:13:     layout_rooms, erik_vaults_1, corexii_leaking_fountain, uniq_nessos,
          uniq_rupert, uniq_josephine
D:14:     layout_layer_cave, okawaru_metal_pillars_1_2
D:15:     grunt_enter_depths_magical_seal, layout_cross, kiku_gazebo_pond_becter
Lair:1:   layout_layer_cave, portal_ice_cave_entry_pillars_1
Lair:2:   layout_gridlike, elwin_shoals_entry_rooms
Lair:3:   regret_index_wax_grids, layout_regular_city, dummy_spider_entry,
          grunt_megastairs_2, lemuel_fruit_tree
Lair:4:   layout_roguey, slime_entry_1, beast_lair_carwin_11,
          serial_bayou_shore_b
Lair:5:   minmay_lair_end_frog_pond, layout_long_grid, lemuel_fruit_fields
Shoals:1: layout_shoals, serial_shops, shop, hangedman_shoals_cup_caves,
          uniq_louise, uniq_roxanne
Shoals:2: layout_shoals, uniq_ilsuiw
Shoals:3: layout_shoals, serial_shops, shop, nicolae_shoals_lost_giant_hut,
          uniq_bai_suzhen, uniq_polyphemus
Shoals:4: shoals_end_hangedman, layout_shoals, nicolae_shoals_isolated_beach
Spider:1: layout_spider_delve, uniq_mlioglotl, uniq_jorgrun, uniq_agnes
Spider:2: layout_spider_delve
Spider:3: layout_chambers, ebering_ghost_rock_garden, uniq_nikola
Spider:4: hellmonk_spider_rune_endless_swarm
Slime:1:  layout_caves, nicolae_slime_phagocytosis
Slime:2:  layout_caves, cheibrodos_slime_lost_civilization_4
Slime:3:  layout_caves, basic_altar
Slime:4:  layout_caves
Slime:5:  slime_pit_nicolae_trefoil
Orc:1:    layout_caves
Orc:2:    st_orc_rangers, layout_caves, serial_shops, shop, mines4_lemuel,
          uniq_donald
Elf:1:    minmay_elf_arrival_plus, layout_geoelf_grid, minmay_elf_demonology,
          nicolae_elf_w_pinch, corner_web_ring
Elf:2:    nicolae_elf_blades_crystal_corner, layout_geoelf_octagon,
          serial_shops, shop, shop, nicolae_shop_window_shopping, shop,
          nicolae_diamond_shop, uniq_aizul
Elf:3:    elf_hall, layout_geoelf_castle, serial_shops, bzr_entry_safe
Vaults:1: nicolae_vaults_triangles, v_rooms_3, ontoclasm_vaults_decontamination,
          lemuel_angel_altar, vaults_dpeg_doors, nicolae_vaults_sightless_eye,
          v_rooms_2, v_misc_14, vaults_room_door_ring, vaults_room_door_ring,
          nicolae_vaults_trapezoid_lopsided_1, nicolae_vaults_rhombus_5,
          layout_vaults_ring
Vaults:2: ebering_ghost_rock_garden, nicolae_vaults_taking_the_gang_shopping,
          v_misc_9, v_misc_8, nicolae_vaults_network_quinsquares
          [nicolae_vaults_network_quincunx_subvault,
          nicolae_vaults_network_quincunx_subvault,
          nicolae_vaults_network_quincunx_subvault,
          nicolae_vaults_network_quincunx_subvault], nicolae_vaults_swerve,
          v_rooms_6, v_misc_26, vaults_room_ringed_pool,
          hangedman_vaults_unwind, nicolae_vaults_little_squares_4,
          nicolae_vaults_house_2, layout_vaults_maze_bifur
Vaults:3: vaults_room_octagon, nicolae_vaults_stairing_the_circle,
          minmay_crypt_entry_necro_gods, v_misc_23,
          vaults_mumra_minichess_inversion, hangedman_vaults_slither,
          vaults_room_large_hall, vaults_room_door_hall,
          nicolae_vaults_diamond_1, nicolae_vaults_mini_display_case,
          nicolae_vaults_layer_cake_slice, hangedman_vaults_impose,
          layout_vaults_omnibox, serial_shops, shop
Vaults:4: nicolae_vaults_storage_closets_2, st_check,
          nicolae_vaults_border_crossing, nicolae_vaults_specimen_jars,
          hangedman_vaults_restitches, hangedman_vaults_trim,
          nicolae_vaults_house_2, nicolae_vaults_tetromino_T_1,
          nicolae_vaults_house_2, layout_vaults_omnigrid,
          nicolae_trove_entry_free_sample
Vaults:5: uniq_boris
Crypt:1:  grunt_deathspiral_small, layout_misc_corridors
Crypt:2:  layout_chaotic_city, minivault_5, grunt_megastairs_4, uniq_mennas
Crypt:3:  quadcrypt_mu
Tomb:1
Tomb:2
Tomb:3
Depths:1: layout_forbidden_donut, minmay_crystal_water,
          grunt_hell_entry_dis_old, abyss_entry_flame_altar, drop_trap,
          st_stairs_11, kilobyte_rumbling_trees
Depths:2: nooodl_heptagram, layout_cave_shapes, enter_ziggurat_e,
          nicolae_elyvilon_peaceful_grove, pan_entry, lightli_too_deep,
          minmay_shop_grove
Depths:3: gammafunk_its_a_trap, layout_gridlike,
          nicolae_abyss_entry_one_way_or_another, hell_entry,
          grunt_gozag_statues
Depths:4: lemuel_castle_with_subvaults [lemuel_castle_interior_original],
          layout_gridlike, gammafunk_ghost_tricky_traps,
          pf_hell_entry_great_geh, amcnicky_mini_rare_corridor_liquid,
          grunt_megastairs_5, uniq_xtahua
Hell
Dis:1:    layout_gridville
Dis:2:    nicolae_dis_metal_hellway, layout_subdivisions, nicolae_dis_scattering
Dis:3:    layout_overlapping_boxes
Dis:4:    layout_gridville
Dis:5:    layout_gridville
Dis:6:    layout_gridville
Dis:7:    dis_st
Geh:1:    layout_gehenna_pools_basic
Geh:2:    nicolae_hells_giants_party, layout_gehenna_lava_caves
Geh:3:    layout_gehenna_lava_caves, lemuel_flamethrower_3
Geh:4:    layout_gehenna_pools_basic
Geh:5:    layout_gehenna_pools_basic
Geh:6:    nicolae_geh_seventh_circle, layout_gehenna_pools_box
Geh:7:    geh_mu
Coc:1:    layout_ice_bergs
Coc:2:    layout_ice_bergs, nicolae_hells_seeping_fissure
Coc:3:    layout_ice_bergs
Coc:4:    layout_cocytus_delve, nicolae_coc_statues_of_limitations
Coc:5:    layout_cocytus_water_paths
Coc:6:    layout_ice_bergs
Coc:7:    coc_old
Tar:1:    layout_honeycomb, nicolae_tar_windowcombs
Tar:2:    layout_grid_maze
Tar:3:    layout_grid_maze
Tar:4:    layout_grid_maze
Tar:5:    nicolae_tar_fifth_circle, layout_cathedral_of_symmetry
Tar:6:    layout_honeycomb, nicolae_tar_cuneiform_three
Tar:7:    tar_grunt_cathedral
Zot:1:    layout_gridville, st_single_dragon_hoard_2, evilmike_ambush
          [evilmike_ambush_outer_corners, evilmike_ambush_inner_pond]
Zot:2:    layout_gridville, nzn_ghost_randoct, regret_index_zotdec_tunneler,
          zot_minivault_2
Zot:3:    layout_misc_corridors, hangedman_player_shredder
Zot:4:    layout_misc_corridors, regret_index_zotdec_twisting_globes,
          lemuel_elevator
Zot:5:    layout_concentric_octagons

Skill      XL: |  1  2  3  4  5  6  7  8  9 10 11 12 13 14 15 16 17 18 19 20 21 22 23 24 25 26 27 |
---------------+----------------------------------------------------------------------------------+-----
Unarmed Combat | 3 4 5 6 8 9 10 11 13 14 15 16 17 18 19 20 24 | 24.6
Shapeshifting  | 3 4 5 6 7 8 9 10 14 16 17 18 19 21 23 | 23.0
Fighting       | 3 4 5 7 9 10 11 12 13 14 15 16 17 18 25 | 25.4
Dodging        | 2 3 5 6 7 8 9 11 12 14 15 22 | 22.9
Evocations     | 2 3 4 6 7 8 9 10 11 12 19 | 19.0
Necromancy     | 3 5 6 7 8 10 11 12 13 14 15 | 15.0
Spellcasting   | 2 3 5 6 7 8 9 10 11 12 18 | 18.0
Armour         | 2 3 4 6 21 | 21.2
Stealth        | 1 3 |  3.0
Air Magic      | 2 4 5 |  5.0
Translocations | 2 4 5 6 7 8 |  8.0
Alchemy        | 3 4 6 8 |  8.0
Conjurations   | 3 4 6 8 10 | 10.0
Summonings     | 7 11 13 17 19 24 | 24.0
Earth Magic    | 3 |  3.0
Ice Magic      | 11 | 11.8

Action                     |  1- 3 |  4- 6 |  7- 9 | 10-12 | 13-15 | 16-18 | 19-21 | 22-24 | 25-27 || total
---------------------------+-------+-------+-------+-------+-------+-------+-------+-------+-------++-------
  Melee: Unarmed           |   102 |    53 |   254 |   629 |   968 |   724 |  1098 |   763 |  3895 ||  8486
         Touch             |     1 |    13 |    54 |   142 |   183 |   187 |   232 |   122 |   870 ||  1804
         Punch             |     1 |       |    10 |    15 |    95 |    84 |   136 |   104 |   781 ||  1226
         Kick              |       |       |       |       |   210 |       |   342 |   304 |   253 ||  1109
  Throw: Dart              |       |       |       |    29 |       |     2 |       |       |       ||    31
         Throwing net      |       |       |       |       |       |     2 |       |       |       ||     2
   Cast: Fugue of the Fall |       |       |       |     2 |    48 |    51 |    69 |    33 |    44 ||   247
         Volatile Blastmot |       |       |       |       |     3 |     8 |       |       |       ||    11
         Death Channel     |       |       |       |       |       |    41 |    72 |    42 |   132 ||   287
         Vhi's Electric Ch |       |       |       |       |       |    22 |   139 |   109 |   254 ||   524
         Mephitic Cloud    |       |       |       |       |       |     3 |    10 |     6 |       ||    19
         Passage of Golubr |       |       |       |       |       |       |     2 |       |       ||     2
         Irradiate         |       |       |       |       |       |       |     4 |     2 |    36 ||    42
         Apportation       |       |       |       |       |       |       |       |     1 |   145 ||   146
         Haunt             |       |       |       |       |       |       |       |    15 |    54 ||    69
         Dragon's Call     |       |       |       |       |       |       |       |       |   125 ||   125
         Spellforged Servi |       |       |       |       |       |       |       |       |    25 ||    25
         Malign Gateway    |       |       |       |       |       |       |       |       |    22 ||    22
         Dispel Undead     |       |       |       |       |       |       |       |       |     2 ||     2
 Invoke: Potion Petition   |       |       |       |       |     4 |     1 |       |       |    12 ||    17
         Call Merchant     |       |       |       |       |     1 |     4 |     2 |     1 |     4 ||    12
         Bribe Branch      |       |       |       |       |       |       |       |       |     4 ||     4
Ability: Begin Untransform |       |       |       |     1 |       |     1 |     1 |     1 |     2 ||     6
         Siphon Essence    |       |       |       |       |       |       |       |       |     2 ||     2
  Evoke: Wand              |       |       |     6 |    31 |    14 |    20 |     7 |     6 |    25 ||   109
         Phantom mirror    |       |       |       |     1 |       |     1 |     2 |       |       ||     4
         Lightning rod     |       |       |       |       |       |       |       |    11 |     8 ||    19
         Gell's gravitambo |       |       |       |       |       |       |       |       |     2 ||     2
         Tin of tremorston |       |       |       |       |       |       |       |       |     5 ||     5
         Horn of Geryon    |       |       |       |       |       |       |       |       |     3 ||     3
         Sack of spiders   |       |       |       |       |       |       |       |       |     2 ||     2
    Use: Scroll            |     3 |       |     5 |    10 |     8 |     3 |     7 |     8 |    33 ||    77
         Potion            |     1 |       |     4 |     3 |    11 |     5 |    11 |     2 |     4 ||    41
   Stab: Distracted        |       |       |       |     6 |    10 |    12 |    20 |    20 |   111 ||   179
         Paralysed         |       |       |       |    23 |    31 |    85 |    64 |    36 |   131 ||   370
         Invisible         |       |       |       |       |    35 |    32 |    34 |    20 |    44 ||   165
         Held in net/web   |       |       |       |       |       |     2 |       |       |       ||     2
         Confused          |       |       |       |       |       |       |     8 |     3 |     4 ||    15
 Armour: Ring mail         |    73 |    30 |   161 |    34 |       |       |       |       |       ||   298
         Animal skin       |     5 |       |       |       |       |       |       |       |       ||     5
         Skin              |     9 |       |     1 |   218 |       |       |   853 |   678 |   706 ||  2465
         Chain mail        |       |       |       |    67 |       |       |       |       |       ||    67
         Leather armour    |       |       |       |    73 |    64 |       |       |       |       ||   137
         Scale mail        |       |       |       |       |   498 |   658 |   176 |       |       ||  1332
         Pearl dragon scal |       |       |       |       |       |       |       |       |  2231 ||  2231
  Dodge: Dodged            |    61 |    23 |    95 |   371 |   641 |   595 |  1123 |   770 |  3074 ||  6753
         Repelled          |       |       |       |     3 |       |       |       |       |       ||     3
  Block: Other             |       |       |       |       |       |       |       |    15 |       ||    15
         Reflection        |       |       |       |       |       |       |       |     5 |       ||     5
   Form: Flux              |       |       |       |     1 |       |       |       |       |       ||     1
         Blade             |       |       |       |     1 |       |       |       |       |       ||     1
         Statue            |       |       |       |       |       |       |     2 |       |     1 ||     3
         Death             |       |       |       |       |       |       |       |       |     1 ||     1

Table legend: (Time is in decaauts)
 A = Elapsed time spent in this place.
 B = Non-inter-level travel time spent in this place.
 C = Inter-level travel time spent in this place.
 D = Time resting spent in this place.
 E = Time spent auto-exploring this place.
 F = Levels seen in this place.
 G = Mean time per level.
                   A        B        C        D        E       F      G
               +--------+--------+--------+--------+--------+-----+--------+
         Total | 115677 | 102725 |  12952 |   4008 |  67031 | 111 | 1042.1 |
       Dungeon |  22396 |  18211 |   4185 |   1401 |  12579 |  15 | 1493.1 |
          Lair |   9997 |   8791 |   1206 |    428 |   6370 |   5 | 1999.4 |
        Shoals |   7637 |   7049 |    588 |    130 |   4658 |   4 | 1909.2 |
   Spider Nest |   6481 |   6263 |    218 |      0 |   5014 |   4 | 1620.2 |
    Slime Pits |   1093 |    930 |    163 |     42 |    314 |   5 |  218.6 |
  Orcish Mines |   2592 |   2094 |    498 |     61 |   1367 |   2 | 1296.0 |
   Elven Halls |   6412 |   5964 |    448 |    234 |   4256 |   3 | 2137.3 |
        Vaults |  13585 |  11521 |   2064 |     85 |   9301 |   5 | 2717.0 |
         Crypt |   4914 |   4194 |    720 |      0 |   3200 |   3 | 1638.0 |
          Tomb |   1998 |   1777 |    221 |     19 |    780 |   3 |  666.0 |
        Depths |   9732 |   8452 |   1280 |     97 |   6635 |   4 | 2433.0 |
          Hell |   1162 |   1085 |     77 |      0 |    552 |   1 | 1162.0 |
           Dis |   2105 |   1860 |    245 |    238 |    421 |   7 |  300.7 |
       Gehenna |   2835 |   2569 |    266 |     48 |   1296 |   7 |  405.0 |
       Cocytus |   3189 |   2950 |    239 |     68 |   1632 |   7 |  455.6 |
      Tartarus |   2228 |   2157 |     71 |     44 |    675 |   7 |  318.3 |
           Zot |   7007 |   6551 |    456 |    180 |   4900 |   5 | 1401.4 |
         Abyss |   1376 |   1376 |      0 |      0 |      0 |   5 |  275.2 |
   Pandemonium |   6459 |   6459 |      0 |     71 |   2421 |  15 |  430.6 |
        Bazaar |    214 |    214 |      0 |      0 |    132 |   1 |  214.0 |
         Trove |     72 |     72 |      0 |      0 |     53 |   1 |   72.0 |
        Bailey |    643 |    643 |      0 |    378 |    111 |   1 |  643.0 |
      Ice Cave |   1541 |   1541 |      0 |    481 |    355 |   1 | 1541.0 |
               +--------+--------+--------+--------+--------+-----+--------+

Top non-repeatable levels by time:
Depths:4: 3356 daAuts
Vaults:1: 3350 daAuts
Vaults:4: 2943 daAuts
Vaults:3: 2717 daAuts
   Elf:3: 2622 daAuts
  Lair:3: 2592 daAuts
Depths:2: 2513 daAuts
  Lair:1: 2497 daAuts
Vaults:2: 2363 daAuts
Shoals:3: 2250 daAuts
     D:9: 2244 daAuts
Shoals:1: 2230 daAuts
Vaults:5: 2211 daAuts
Spider:3: 2172 daAuts
     D:8: 2119 daAuts
